 Dungeon Crawl Stone Soup version 0.23-a0-87-g5f73bc1 (webtiles) character file.

2588182 MackTheKnife the Hoplite (level 23, 220/220 HPs)
             Began as a Grey Draconian Wanderer on Aug 6, 2018.
             Was an Elder of Jiyva.
             Escaped with the Orb
             ... and 4 runes on Aug 14, 2018!
             The game lasted 02:48:09 (55626 turns).

MackTheKnife the Hoplite (Grey Draconian Wanderer) Turns: 55626, Time: 02:48:10

Health: 220/220    AC: 23    Str: 10      XL:     23   Next: 90%
Magic:  38/38      EV: 32    Int:  9 (11) God:    Jiyva [****..]
Gold:   1067       SH: 26    Dex: 36      Spells: 26/26 levels left

rFire    + + +     SeeInvis .   a - +8 demon trident (vamp) {!w}
rCold    + . .     Gourm    .   v - +3 large shield of Subjectivity {rElec rF++ Str-5 Int+4}
rNeg     + . .     Faith    .   (armour unavailable)
rPois    +         Spirit   .   A - +0 hat "Laprin" {rC+}
rElec    +         Reflect  .   E - +0 cloak of Yfaezo Tivu {rN+ Str+4 Dex+3}
rCorr    +         Harm     .   Y - +2 pair of gloves of Qomit {rPois MP+9 Str+5 Int-2}
MR       +....                  o - +2 pair of boots
Stlth    ++........             G - amulet of the acrobat
HPRegen  0.46/turn              B - +3 ring of slaying
MPRegen  0.26/turn              e - ring "Ruwi" {Wiz rF+}

@: no status effects
A: walk through water, unfitting armour, antennae 1, fangs 1, sense surroundings
2, screaming 2, unbreathing, cold-blooded, AC +16
0: Orb of Zot
}: 4/15 runes: serpentine, barnacled, slimy, abyssal
a: Request Jelly, Slimify, Renounce Religion


You escaped.
You worshipped Jiyva.
Jiyva was greatly pleased with you.
You were full.

You visited 11 branches of the dungeon, and saw 52 of its levels.
You visited the Abyss 4 times.
You also visited: Trove, Ossuary, Bailey, Ice Cave and Volcano.

You collected 3706 gold pieces.
You spent 2639 gold pieces at shops.

Inventory:

Hand Weapons
 a - a +8 vampiric demon trident (weapon) {!w}
   (You found it in an ice cave)
 L - the +10 broad axe of the End {chop, rElec MR+ Str+3 Dex-3}
   (You took it off a deep elf archer on level 3 of the Elven Halls)

   It inflicts extra damage upon your enemies.
   It affects your strength (+3).
   It affects your dexterity (-3).
   It insulates you from electricity.
   It affects your resistance to hostile enchantments.
Armour
 o - a +2 pair of boots (worn)
   (You found it on level 2 of the Dungeon)
 v - the +3 large shield of Subjectivity (worn) {rElec rF++ Str-5 Int+4}
   (You acquired it on level 1 of the Vaults)

   It affects your strength (-5).
   It affects your intelligence (+4).
   It greatly protects you from fire.
   It insulates you from electricity.
 A - the +0 hat "Laprin" (worn) {rC+}
   (Okawaru gifted it to you on level 1 of the Pits of Slime)

   It protects you from cold.
 E - the +0 cloak of Yfaezo Tivu (worn) {rN+ Str+4 Dex+3}
   (Okawaru gifted it to you on level 2 of the Orcish Mines)

   It affects your strength (+4).
   It affects your dexterity (+3).
   It protects you from negative energy.
 K - a scarf of resistance
   (You found it on level 6 of the Dungeon)
 Y - the +2 pair of gloves of Qomit (worn) {rPois MP+9 Str+5 Int-2}
   (Okawaru gifted it to you on level 1 of the Elven Halls)

   It affects your strength (+5).
   It affects your intelligence (-2).
   It protects you from poison.
   It affects your magic capacity (+9).
Jewellery
 b - the ring "Sesyen" {rElec rF- rC+ Int+4 SInv}
   (You found it on level 2 of the Snake Pit)

   [ring of protection from cold]

   It affects your intelligence (+4).
   It makes you vulnerable to fire.
   It protects you from cold.
   It insulates you from electricity.
   It lets you see invisible.
 e - the ring "Ruwi" (right hand) {Wiz rF+}
   (You acquired it on level 5 of the Abyss)

   [ring of wizardry]

   It improves your spell success rate.
   It protects you from fire.
 f - an uncursed ring of protection from magic {MR+, !d}
   (You found it on level 1 of the Dungeon)
 q - an uncursed ring of protection from cold {rC+, !d}
   (You found it on level 3 of the Dungeon)
 w - an uncursed ring of flight {+Fly, !d}
   (You found it on level 8 of the Dungeon)
 B - a +3 ring of slaying (left hand)
   (You found it on level 5 of the Pits of Slime)
 G - an amulet of the acrobat (around neck)
   (You found it on level 3 of the Depths)
 M - the ring "Qimaeweo" {rPois rF+ MP+9 SInv}
   (You found it on level 3 of the Depths)

   [ring of see invisible]

   It protects you from fire.
   It protects you from poison.
   It affects your magic capacity (+9).
   It lets you see invisible.
 T - a +4 ring of evasion
   (You found it on level 1 of the Elven Halls)
Wands
 h - a wand of digging (13)
   (You bought it in a shop on level 4 of the Dungeon)
 F - a wand of iceblast (31)
   (You found it on level 8 of the Dungeon)
 I - a wand of paralysis (15)
   (You found it on level 10 of the Dungeon)
 V - a wand of acid (15)
   (You found it on level 1 of the Elven Halls)
Scrolls
 n - 2 scrolls of holy word {!r}
 p - 21 scrolls of remove curse
 y - a scroll of identify
 D - a scroll of enchant armour
 H - 2 scrolls of magic mapping {!r}
 J - a scroll of brand weapon
 O - 2 scrolls of blinking {!r}
 S - 2 scrolls of fear
Potions
 i - 2 potions of ambrosia
 j - a potion of invisibility
 k - a potion of agility
 m - 7 potions of heal wounds
 r - 2 potions of cancellation
 t - 2 potions of resistance
 u - a potion of magic
 z - 7 potions of flight
 C - 6 potions of brilliance
Miscellaneous
 g - a fan of gales
   (You found it on level 3 of the Snake Pit)
 U - a lamp of fire (inert)
   (You bought it in a shop on level 1 of the Elven Halls)
 W - a phial of floods (inert)
   (You bought it in a shop on level 1 of the Elven Halls)
Comestibles
 d - 24 rations


   Skills:
 + Level 21.2 Fighting
   Level 15.4 Maces & Flails
 - Level 16.0 Polearms
 - Level 15.7 Dodging
 - Level 8.6 Stealth
 - Level 22.3 Shields
 - Level 2.0 Spellcasting
   Level 1.0 Charms
   Level 8.3 Invocations
 - Level 8.1 Evocations


You had 26 spell levels left.
You didn't know any spells.
Your spell library contained the following spells:

 Spells                   Type           Power        Failure   Level  Hunger
 Cause Fear               Hex            #.........   86%         4    #####..
 Apportation              Tloc           #.....       19%         1    ##.....
 Lightning Bolt           Conj/Air       #.........   99%         5    ######.
 Bolt of Magma            Conj/Fire/Erth #.........   99%         5    ######.
 Slow                     Hex            #.......     26%         2    ###....
 Throw Frost              Conj/Ice       #.....       26%         2    ###....
 Mephitic Cloud           Conj/Pois/Air  #.......     45%         3    ####...
 Venom Bolt               Conj/Pois      #.........   99%         5    ######.
 Olgreb's Toxic Radiance  Pois           #.......     86%         4    #####..
 Summon Small Mammal      Summ           #...         19%         1    ##.....
 Bolt of Draining         Conj/Necr      #.........   99%         5    ######.
 Pain                     Necr           #...         19%         1    ##.....
 Animate Skeleton         Necr           N/A          19%         1    ##.....
 Freeze                   Ice            #...         19%         1    ##.....
 Ozocubu's Refrigeration  Ice            #.........   100%        6    #######
 Ozocubu's Armour         Chrm/Ice       #.......     41%         3    ####...
 Dispel Undead            Necr           #.......     99%         5    ######.
 Sting                    Conj/Pois      #...         19%         1    ##.....
 Sublimation of Blood     Necr           #.........   26%         2    ###....
 Corpse Rot               Necr           N/A          26%         2    ###....
 Shock                    Conj/Air       #...         19%         1    ##.....
 Swiftness                Chrm/Air       #.......     22%         2    ###....
 Recall                   Summ/Tloc      N/A          45%         3    ####...
 Agony                    Necr           #.......     99%         5    ######.
 Statue Form              Tmut/Erth      #........    100%        6    #######
 Ice Form                 Ice/Tmut       #.......     86%         4    #####..
 Dragon Form              Tmut           #.........   100%        7    #######
 Death Channel            Necr           #.........   100%        6    #######
 Deflect Missiles         Chrm/Air       #.........   100%        6    #######
 Throw Icicle             Conj/Ice       #.......     86%         4    #####..
 Airstrike                Air            #.........   86%         4    #####..
 Confusing Touch          Hex            #.....       19%         1    ##.....
 Ignite Poison            Fire/Tmut/Pois #.......     45%         3    ####...
 Ensorcelled Hibernation  Hex/Ice        #.....       26%         2    ###....
 Silence                  Hex/Air        #.........   99%         5    ######.
 Shatter                  Erth           #.........   100%        9    #######
 Static Discharge         Conj/Air       #.......     45%         3    ####...
 Corona                   Hex            #......      19%         1    ##.....
 Lee's Rapid Deconstruct  Erth           #.........   99%         5    ######.
 Sandblast                Erth           #.....       19%         1    ##.....
 Excruciating Wounds      Chrm/Necr      #.........   98%         5    ######.
 Portal Projectile        Hex/Tloc       #.....       45%         3    ####...
 Passage of Golubria      Tloc           N/A          86%         4    #####..
 Leda's Liquefaction      Hex/Erth       #.........   86%         4    #####..
 Inner Flame              Hex/Fire       #.......     45%         3    ####...
 Iskenderun's Battlesphe  Conj/Chrm      #.......     98%         5    ######.
 Discord                  Hex            #.........   100%        8    #######
 Hydra Form               Tmut           #.........   100%        6    #######
 Irradiate                Conj/Tmut      #.........   99%         5    ######.
 Yara's Violent Unravell  Hex/Tmut       #.........   99%         5    ######.
 Poisonous Vapours        Pois/Air       #.....       26%         2    ###....


Dungeon Overview and Level Annotations

Branches:
Dungeon (15/15)            Temple (1/1) D:5            Lair (6/6) D:9
 Shoals (4/4) Lair:4        Snake (4/4) Lair:2        Slime (5/5) Lair:6
    Orc (2/2) D:9             Elf (3/3) Orc:2        Vaults (2/5) D:14
  Crypt (0/3) Vaults:2     Depths (5/5) D:15            Zot (5/5) Depths:5

Altars:
Ashenzari
Cheibriados
Dithmenos
Elyvilon
Fedhas
Gozag
Hepliaklqana
Kikubaaqudgha
Makhleb
Nemelex Xobeh
Okawaru
Qazlal
Ru
Sif Muna
Trog
Uskayaw
Vehumet
Wu Jian
Xom
Yredelemnul
Zin
The Shining One
Jiyva

Shops:
D:4 *   D:5 [   D:14 =   D:15 !   Orc:2 (*:[(   Elf:1 (:*}(   Shoals:2 ?
Snake:2 =}}   Depths:3 (

Portals:
Hell: Depths:1 Depths:3 Depths:4
Abyss: Depths:3 Depths:4
Pandemonium: Depths:3
Ziggurat: Depths:3

Annotations:
D:3 exclusion: downstairs
D:5 3 runed doors, removed's ghost, novice DEWn; whitenoisemaker's ghost, novice DrCj
Lair:2 exclusion: upstairs
Lair:5 Rupert
Slime:5 Royal Jelly
Elf:2 3 runed doors
Depths:1 exclusion: Sojobo, Sojobo
Zot:5 exclusions: 3 upstairs and 1 more exclusion


Innate Abilities, Weirdness & Mutations

You can walk through water.
Your dull iron-grey scales are very hard. (AC +16)
You cannot fit into any form of body armour.
You can survive without breathing.
You are cold-blooded and may be slowed by cold attacks.
You have a pair of small antennae on your head.
You have very sharp teeth.
You passively map the area around you.
You sometimes yell uncontrollably at your foes.


Message History

(P) Snake Pit (M) Slime Pits (O) Orcish Mines (E) Elven Halls (V) Vaults (C) Crypt (U) Depths (H) Hell (Z) Zot
Where to? (Enter - D:11 @ (x,y), ? - help)
What level of the Dungeon? (default 1, ? - help)
A hellwing comes into view.
The hellwing moves out of view.
There is a stone staircase leading up here.
You climb upwards.
There is a stone staircase leading down here.
(D) Dungeon (T) Temple (L) Lair (A) Shoals (P) Snake Pit (M) Slime Pits (O) Orcish Mines (E) Elven Halls (V) Vaults (C) Crypt (U) Depths (H) Hell (Z) Zot
Where to? (Enter - D:1, ? - help)
There is an open door here.
There is an open door here.
There is a stone staircase leading down here.
There is a stone staircase leading up here.
You climb upwards.
There is a stone staircase leading down here.
There is a stone staircase leading up here.
You climb upwards.
There is a stone staircase leading down here.
A rust devil comes into view.
There is a stone staircase leading up here.
You climb upwards.
There is a stone staircase leading down here.
(D) Dungeon (T) Temple (L) Lair (A) Shoals (P) Snake Pit (M) Slime Pits (O) Orcish Mines (E) Elven Halls (V) Vaults (C) Crypt (U) Depths (H) Hell (Z) Zot
Where to? (Enter - D:1, ? - help)
There is a stone staircase leading up here.
You climb upwards.
Level annotation: 3 runed doors, removed's ghost, novice DEWn; whitenoisemaker's ghost, novice DrCj
There is a stone staircase leading down here.
There is an open door here.
You see here a long sword.
There is an open door here.
There is a stone staircase leading up here.
You climb upwards.
There is a stone staircase leading down here.
There is a stone staircase leading up here.
You climb upwards.
Level annotation: exclusion: downstairs
There is a stone staircase leading down here.
Things that are here:
a mace; a leather armour; a trident
Things that are here:
a ring mail; a mace
There is a stone staircase leading up, spattered with blood here.
You climb upwards.
There is a stone staircase leading down here.
Jiyva says: Divide and consume!
You hear a distant slurping noise.
Jiyva alters your body. A pair of antennae grows on your head!
You feel a little less hungry.
Okay, then.
You hear a distant slurping noise.
You hear a distant slurping noise.
You may now expel jellies when seriously injured.
You can now call upon Jiyva to remove your harmful mutations.
Jiyva appreciates your sacrifice.
You feel healthier.
You feel cleansed.
You will no longer expel jellies when injured.
You can no longer call upon Jiyva to remove your harmful mutations.
There is a stone staircase leading up here.
You climb upwards.
There is a stone staircase leading down here.
You see here 19 stones.
An iron imp comes into view.
You puncture the iron imp! You tail-slap the iron imp.
You bite the iron imp, but do no damage.
You block the iron imp's attack.
You hit the iron imp.
You bite the iron imp, but do no damage.
You hit the iron imp but do no damage. You tail-slap the iron imp.
You kill the iron imp!
A rust devil comes into view.
Attack whom?
Aim: a rust devil You reach to attack!
You puncture the rust devil!
(D) Dungeon (T) Temple (L) Lair (A) Shoals (P) Snake Pit (M) Slime Pits (O) Orcish Mines (E) Elven Halls (V) Vaults (C) Crypt (U) Depths (H) Hell (Z) Zot
Where to? (Enter - D:1 @ (x,y), ? - help)
A rust devil is nearby!
Unknown command.
There is an open gate here.
A reaper comes into view. It is wielding a vampiric scythe.
You yell at the reaper!
The reaper completely misses you. You block the reaper's attack.
The reaper completely misses you.
There is a staircase leading out of the dungeon here.
You have escaped!

##....(# ##.....##
#.#.#.... #######
#...#...# #.#.#....
##...#...##
#.#.#....
#...###4..#
#.#.#.... ##...#
#.2.## #.#.###.#
#...## ##...# #.#.#
#.#
##...#####2..###.#.#
#.#
#.............##.#.#
#.#
#......@......##.#.#
#.#
################.#.#
#.# #.#.# #.#
#.#.###.# #.#...#.#
##########.###.#.#
#.................
#.........####.#.#
#................#


You could see a reaper.

Vanquished Creatures
  5 ancient liches
  2 orbs of fire (Zot:5)
  Saint Roka (Snake:3)
  Vashnia (Snake:2)
  Xtahua (Depths:4)
  A Killer Klown (Zot:5)
  A curse toe (Zot:4)
  2 golden dragons
  Nikola (Snake:3)
  2 electric golems (Zot:5)
  A bone dragon (Abyss:1)
  4 tentacled monstrosities
  4 liches
  3 quicksilver dragons
  27 Orb Guardians
  The ghost of melvinkitnick the Slinger, an adept GnWn of Gozag (Shoals:2)
  2 death cobs
  3 sphinxes
  4 deep elf master archers (Elf:3)
  9 tentacled starspawn
  A deep elf blademaster (Elf:3)
  3 shadow dragons
  A tengu reaver (Depths:4)
  Gastronok (Orc:1)
  5 storm dragons
  5 nagarajas
  Kirke (Snake:1)
  A ghost moth (Zot:5)
  2 draconian monks (Zot:5)
  A draconian knight (Zot:4)
  5 fire giants
  2 azure jellies
  5 frost giants
  2 deep elf sorcerers (Elf:3)
  An iron dragon (Depths:3)
  An angel (Abyss:3)
  2 orc warlords
  3 deep elf elementalists
  2 draconian shifters
  2 draconian stormcallers
  A cacodemon (Abyss:3)
  A ghoul (Depths:3)
  A draconian annihilator (Depths:5)
  12 very ugly things
  2 entropy weavers (Lair:4)
  A green draconian (Zot:3)
  10 stone giants
  A vampire knight (Depths:3)
  Nessos (D:13)
  A white draconian (Zot:5)
  8 purple draconians
  4 deep elf demonologists
  5 yellow draconians
  4 deep elf annihilators (Elf:3)
  2 black draconians
  Azrael (D:12)
  4 red draconians
  A minotaur (Shoals:2)
  6 merfolk javelineers
  9 spark wasps
  A green death (Abyss:3)
  Snorg (Orc:1)
  A blizzard demon (Abyss:3)
  4 ettins
  A jiangshi (Vaults:2)
  10 deep elf death magi
  6 fire dragons
  A yaktaur captain (Depths:4)
  11 merfolk impalers
  Erolcha (Orc:2)
  6 ogre magi
  Fannar (D:10)
  A great orb of eyes (Slime:4)
  9 vault guards
  6 deep elf high priests
  5 ice dragons
  Josephine (D:9)
  4 rakshasas
  Harold (D:7)
  A catoblepas (shapeshifter) (Abyss:1)
  8 hydras
  A catoblepas (Lair:6)
  27 two-headed ogres
  16 anacondas
  11 naga warriors
  6 centaur warriors
  A death knight (Depths:3)
  13 dancing weapons
  A queen ant (Lair:4)
  A merfolk aquamancer (Shoals:2)
  A two-headed ogre (shapeshifter) (Depths:3)
  4 deep troll earth magi
  8 tengu warriors
  17 death yaks
  5 deep troll shamans
  A satyr (Shoals:3)
  11 thrashing horrors
  4 orc high priests (Orc:2)
  14 naga sharpshooters
  A vampire mage (Depths:3)
  4 shock serpents
  3 spriggan berserkers
  Nergalle (Lair:3)
  A sixfirhy (Abyss:3)
  3 salamander mystics
  6 hell knights
  14 deep elf knights
  A shadow wraith (Abyss:2)
  6 wretched stars
  The ghost of Miyamura the Covert, a novice SpWr of Gozag (D:9)
  12 sea snakes
  3 iron trolls
  A spriggan druid (Depths:1)
  A spatial maelstrom (Abyss:1)
  9 unseen horrors
  16 deep trolls
  11 deep elf archers
  2 ironbrand convokers (Vaults:1)
  33 starcursed masses
  6 necromancers
  2 wizards (D:15)
  6 orc knights
  A phantasmal warrior (Depths:3)
  52 deep elf magi
  A manticore (shapeshifter) (Depths:3)
  10 harpies
  13 naga ritualists
  22 ugly things
  A lindwurm (Lair:6)
  8 cyclopes
  3 mana vipers
  A shining eye (Slime:1)
  6 orc sorcerers
  9 manticores
  25 slime creatures
  5 fauns
  5 salamanders
  15 guardian serpents
  A vault sentinel (Vaults:2)
  2 worldbinders
  2 ice statues (IceCv)
  10 moths of wrath
  14 elephants (Lair:6)
  An apocalypse crab (Abyss:3)
  3 water nymphs
  Joseph (D:9)
  A gargoyle (D:13)
  11 merfolk sirens
  43 black mambas
  An eye of devastation (Slime:1)
  4 centaur zombies
  4 smoke demons
  2 orange demons
  2 molten gargoyles (Volcano)
  8 spiny frogs
  A spiny frog (shapeshifter) (Elf:2)
  6 komodo dragons
  12 naga magi
  19 yaktaurs
  2 efreet
  6 kobold demonologists
  11 ice devils
  A komodo dragon (shapeshifter) (Depths:3)
  2 freezing wraiths
  4 tengu conjurers
  5 ancient zymes (Abyss:3)
  A jumping spider (shapeshifter) (Elf:3)
  A merfolk (shapeshifter) (Depths:3)
  6 polar bears
  38 merfolk
  A meliai (D:14)
  2 meliai (shapeshifter)
  A wind drake (shapeshifter) (Depths:4)
  3 wind drakes
  2 hornets
  9 trolls
  23 large abominations
  10 blink frogs
  Prince Ribbit (D:7)
  15 dream sheep
  3 snapping turtles
  17 raiju
  A blink frog (shapeshifter) (Abyss:3)
  8 hippogriffs
  A flying skull (Abyss:3)
  3 spriggans
  An air elemental (Elf:2)
  3 shadows
  6 wyverns
  Sigmund (D:6)
  42 orc warriors
  8 water elementals
  8 wraiths
  A wyvern (shapeshifter) (D:15)
  5 ynoxinuls
  4 fire bats
  A fire dragon skeleton (Abyss:3)
  9 golden eyes
  36 yaks
  3 vampire mosquitoes (D:13)
  4 chaos spawn (Abyss:3)
  3 hogs
  7 neqoxecs
  2 basilisks
  9 fire elementals
  A hungry ghost (Abyss:3)
  37 nagas
  18 soldier ants
  7 wargs
  2 acid dragons (D:11)
  A hydra simulacrum (Abyss:3)
  5 porcupines
  6 water moccasins
  3 sky beasts
  A hornet zombie (D:13)
  A swamp drake (D:9)
  An ice beast (D:11)
  3 phantoms
  3 black bears
  4 eyes of draining
  A manticore zombie (Abyss:1)
  29 ogres
  2 necrophages
  7 boggarts
  8 wolves
  11 centaurs
  8 crocodiles
  2 elf zombies (Elf:1)
  13 big kobolds
  25 bullfrogs
  A gnoll sergeant (D:7)
  Blork the orc (D:6)
  2 wyvern zombies
  3 earth elementals
  A wyvern skeleton (D:11)
  5 scorpions
  13 killer bees
  A howler monkey (D:4)
  5 wights
  11 small abominations
  12 crimson imps
  4 lava snakes (Volcano)
  4 quasits
  4 bullfrog zombies
  4 hounds
  5 jellies
  Crazy Yiuf (D:7)
  14 orc priests
  6 bullfrog skeletons
  3 centaur skeletons
  2 iron imps
  8 iguanas
  21 orc wizards
  Natasha (twice) (D:3)
  2 hell rats (Lair:6)
  37 worker ants
  A killer bee zombie (D:2)
  2 hound zombies
  A mummy (Ossuary)
  A howler monkey zombie (D:8)
  A worker ant zombie (D:7)
  12 adders
  26 gnolls
  2 howler monkey skeletons (D:6)
  10 river rats (Lair:6)
  5 shadow imps
  5 white imps
  5 ufetubi
  3 oozes
  An adder zombie (D:5)
  An adder skeleton (D:7)
  3 worms (D:2)
  2 dart slugs
  10 leopard geckos
  98 orcs
  3 ball pythons
  5 giant cockroaches
  20 goblins
  12 hobgoblins
  16 jackals
  8 quokkas
  7 bats
  5 frilled lizards
  12 gnoll skeletons (Ossuary)
  A goblin zombie (D:4)
  2 hobgoblin zombies (D:4)
  19 kobolds
  9 kobold skeletons
  2 kobold zombies (D:4)
  5 orc skeletons (Ossuary)
  An orc zombie (D:4)
  A quokka skeleton (D:6)
  2 quokka zombies
  7 rats
  A bush (D:7)
  5 crawling corpses (Elf:3)
  4 starspawn tentacles
1923 creatures vanquished.

Vanquished Creatures (collateral kills)
  A porcupine (Lair:2)
  An orc warrior (Bailey)
  5 orcs (Bailey)
7 creatures vanquished.

Vanquished Creatures (others)
  A golden dragon (Zot:4)
  A lich (Depths:4)
  3 tentacled monstrosities (Zot:4)
  A quicksilver dragon (Zot:4)
  11 acid blobs
  A death cob (Zot:4)
  A draconian monk (Zot:4)
  A tengu reaver (Depths:4)
  A storm dragon (Zot:4)
  2 fire giants
  11 azure jellies
  A nagaraja (Snake:4)
  A ghost moth (Zot:5)
  2 deep elf sorcerers (Elf:3)
  A draconian annihilator (Zot:5)
  A draconian stormcaller (Zot:4)
  A stone giant (Depths:3)
  A reaper (IceCv)
  A black draconian (Depths:5)
  A deep elf demonologist (Elf:3)
  3 red draconians
  A deep elf annihilator (Elf:3)
  6 purple draconians (Zot:4)
  A yellow draconian (Zot:3)
  A merfolk javelineer (Shoals:1)
  A green death (D:12)
  2 death oozes (Abyss:3)
  An anaconda (Snake:4)
  5 great orbs of eyes
  A yaktaur captain (Depths:3)
  A rakshasa (Depths:3)
  A vault guard (Depths:3)
  A centaur warrior (Depths:3)
  2 spriggan air magi
  A dancing weapon (Elf:3)
  A deep troll earth mage (Depths:3)
  2 glowing orange brains
  A large abomination (Abyss:3)
  A deep elf knight (Shoals:1)
  A wretched star (Abyss:3)
  2 deep trolls (Depths:3)
  A deep elf archer (Shoals:1)
  A manticore (Shoals:1)
  6 deep elf magi
  An ugly thing (Depths:1)
  2 elephants (Zot:3)
  An eye of devastation (Slime:3)
  A guardian serpent (Snake:4)
  5 naga magi
  A black mamba (Snake:4)
  A kobold demonologist (D:14)
  A yaktaur (Vaults:1)
  A hellwing (Depths:3)
  An ice devil (Depths:3)
  A tengu conjurer (Shoals:1)
  A merfolk (Shoals:2)
  12 slime creatures
  2 dream sheep (Shoals:3)
  2 floating eyes
  A ynoxinul (D:12)
  4 nagas
  An acid dragon (shapeshifter) (Depths:3)
  An eye of draining (Slime:5)
  An orc warrior (Bailey)
  An eye of draining (shapeshifter) (Vaults:1)
  A scorpion (D:9)
  6 killer bees (D:8)
  A crimson imp (Depths:4)
  251 jellies
  An orc priest (D:8)
  An orc wizard (D:8)
  A worker ant (D:7)
  2 adders (D:8)
  9 white imps (IceCv)
  5 ufetubi (IceCv)
  10 orcs
  3 kobolds (D:14)
  3 bushes (Abyss:4)
  A crawling corpse (Elf:3)
  25 fungi
  2 lurking horrors (Abyss:3)
  18 plants
  21 starspawn tentacles
  15 tentacles
  2 withered plants (D:5)
508 creatures vanquished.

Grand Total: 2438 creatures vanquished

Notes
Turn   | Place    | Note
-------+----------+-------------------------------------------
     0 | D:1      | MackTheKnife the Draconian Wanderer began the quest for the Orb.
     0 | D:1      | MackTheKnife set off with: a +2 mace, a potion of lignification {!q}, a scroll of teleportation, a ration
     0 | D:1      | Reached XP level 1. HP: 17/17 MP: 3/3
   495 | D:1      | Reached XP level 2. HP: 21/24 MP: 5/5
  1155 | D:2      | Reached skill level 4 in Maces & Flails
  1328 | D:2      | Reached XP level 3. HP: 25/29 MP: 6/6
  1420 | D:2      | Reached XP level 4. HP: 24/36 MP: 7/7
  1549 | D:2      | Reached skill level 5 in Maces & Flails
  1738 | D:2      | Found an iron altar of Okawaru.
  1789 | D:2      | Became a worshipper of Warmaster Okawaru
  2072 | D:2      | Found a faded altar of an unknown god.
  2584 | D:3      | Reached XP level 5. HP: 38/41 MP: 8/8
  2799 | D:3      | Reached skill level 6 in Maces & Flails
  2921 | D:3      | Noticed Natasha
  2923 | D:3      | Killed Natasha
  3066 | D:3      | Noticed Natasha
  3070 | D:3      | Killed Natasha
  3235 | D:4      | Noticed an ogre
  3237 | D:4      | Reached skill level 3 in Fighting
  3237 | D:4      | Reached XP level 6. HP: 51/51 MP: 9/9
  3370 | D:4      | Found Wekhliuni's Elemental Accessories.
  3478 | D:4      | Found a glowing golden altar of the Shining One.
  3585 | D:4      | Reached skill level 4 in Fighting
  3596 | D:4      | Reached skill level 7 in Maces & Flails
  3708 | D:4      | Reached * piety under Okawaru
  3708 | D:4      | Your scales start taking on a dull iron-grey colour.
  3708 | D:4      | Reached XP level 7. HP: 50/60 MP: 10/10
  3708 | D:4      | Gained mutation: You can survive without breathing. [Grey Draconian growth]
  3933 | D:4      | Reached skill level 5 in Fighting
  4326 | D:5      | Entered Level 5 of the Dungeon
  4494 | D:5      | Found a sand-covered staircase.
  4499 | Ossuary  | Entered an ossuary
  4499 | Ossuary  | Noticed a wraith
  4499 | Ossuary  | Noticed a wraith
  4499 | Ossuary  | Noticed a wraith
  4695 | Ossuary  | Noticed a wraith
  4713 | Ossuary  | Killed a wraith
  4713 | Ossuary  | Reached skill level 8 in Maces & Flails
  4763 | Ossuary  | Reached skill level 6 in Fighting
  5076 | D:5      | Found a runed gate.
  5076 | D:5      | Found a runed gate.
  5077 | D:5      | Found a runed gate.
  5078 | D:5      | Noticed whitenoisemaker's ghost (novice DrCj)
  5079 | D:5      | Noticed removed's ghost (novice DEWn)
  5081 | D:5      | Found a sacrificial altar of Ru.
  5085 | D:5      | Reached XP level 8. HP: 70/70 MP: 11/11
  5320 | D:5      | You fall through a shaft for 2 floors!
  5347 | D:7      | Found a flagged portal.
  5371 | Bailey   | Entered a bailey
  5408 | Bailey   | Reached ** piety under Okawaru
  5727 | Bailey   | Reached skill level 7 in Fighting
  5952 | Bailey   | Noticed an orc knight
  5952 | Bailey   | Noticed an orc knight
  5953 | Bailey   | Noticed an orc knight
  5953 | Bailey   | Noticed an orc knight
  5990 | D:7      | Noticed Prince Ribbit
  6014 | D:7      | Noticed Harold
  6035 | D:7      | Found a snail-covered altar of Cheibriados.
  6038 | D:6      | Noticed Blork the orc
  6057 | D:6      | Reached skill level 9 in Maces & Flails
  6057 | D:6      | Reached skill level 1 in Dodging
  6063 | D:6      | Killed Blork the orc
  6138 | D:6      | Noticed Sigmund
  6189 | D:6      | Killed Sigmund
  6189 | D:6      | Reached skill level 2 in Dodging
  6285 | D:6      | Reached skill level 3 in Dodging
  6733 | D:6      | Reached XP level 9. HP: 79/79 MP: 12/12
  7082 | D:6      | Reached *** piety under Okawaru
  7082 | D:6      | Reached skill level 4 in Dodging
  7093 | D:6      | Reached skill level 10 in Maces & Flails
  7127 | D:6      | Found a white marble altar of Elyvilon.
  7130 | D:6      | Found a radiant altar of Vehumet.
  7132 | D:6      | Found a snail-covered altar of Cheibriados.
  7133 | D:6      | Found a sparkling altar of Nemelex Xobeh.
  7135 | D:6      | Found a shimmering altar of Xom.
  7633 | D:5      | Found Woariada's Armour Shoppe.
  7645 | D:5      | Bought a +0 pair of gloves for 54 gold pieces
  7753 | D:5      | Found a staircase to the Ecumenical Temple.
  7763 | Temple   | Entered the Ecumenical Temple
  8274 | D:7      | Reached skill level 5 in Dodging
  8292 | D:7      | Killed Prince Ribbit
  8292 | D:7      | Reached **** piety under Okawaru
  8305 | D:7      | Killed Harold
  8305 | D:7      | Reached skill level 11 in Maces & Flails
  8305 | D:7      | Reached skill level 6 in Dodging
  8314 | D:7      | Reached XP level 10. HP: 36/86 MP: 13/13
  8731 | D:7      | Reached ***** piety under Okawaru
  9103 | D:7      | Found a runed door.
  9107 | D:7      | Noticed Crazy Yiuf
  9114 | D:7      | Killed Crazy Yiuf
  9813 | D:8      | Reached skill level 7 in Dodging
 10213 | D:9      | Noticed Joseph
 10260 | D:9      | Killed Joseph
 10260 | D:9      | Received a gift from Okawaru
 10277 | D:9      | Reached skill level 12 in Maces & Flails
 10300 | D:9      | Reached skill level 8 in Dodging
 10387 | D:9      | Found a staircase to the Orcish Mines.
 10537 | D:9      | Found a runed gate.
 10602 | D:9      | Found a runed gate.
 10602 | D:9      | Found a runed gate.
 10604 | D:9      | Noticed Miyamura's ghost (novice SpWr)
 10627 | D:9      | Noticed a sun demon
 10628 | D:9      | Reached skill level 8 in Fighting
 10656 | D:9      | Reached skill level 1 in Invocations
 10674 | D:9      | Reached skill level 2 in Invocations
 10764 | D:9      | Killed Miyamura's ghost
 10764 | D:9      | Received a gift from Okawaru
 10764 | D:9      | Reached skill level 3 in Invocations
 10764 | D:9      | Reached XP level 11. HP: 70/94 MP: 14/14
 10767 | D:9      | Got a pair of transparent gloves {god gift}
 10778 | D:9      | Identified the +0 pair of gloves of Blue Skies {rN+ rCorr Int+4} (Okawaru gifted it to you on level 9 of the Dungeon)
 10898 | D:9      | Reached skill level 4 in Invocations
 11173 | D:9      | Reached skill level 5 in Invocations
 11238 | D:9      | Found a staircase to the Lair.
 11282 | D:9      | Reached skill level 6 in Invocations
 11456 | D:10     | Entered Level 10 of the Dungeon
 11596 | D:10     | Noticed Sonja
 11599 | D:10     | Noticed Sonja
 11599 | D:10     | Sonja changed into Sonja the crocodile
 11611 | D:10     | Killed Sonja the crocodile
 11716 | D:10     | Noticed Fannar
 11757 | D:10     | Killed Fannar
 11757 | D:10     | Reached skill level 7 in Invocations
 12039 | Lair:1   | Entered Level 1 of the Lair of Beasts
 12104 | Lair:1   | Reached skill level 8 in Invocations
 12125 | Lair:1   | Found a frozen archway.
 12136 | IceCv    | Entered an ice cave
 12206 | IceCv    | Killed a reaper
 13197 | IceCv    | Reached skill level 13 in Maces & Flails
 13763 | Lair:1   | Noticed an eight-headed hydra
 13767 | Lair:1   | Noticed a stone giant
 13767 | Lair:1   | an eight-headed hydra changed into a stone giant
 14120 | Lair:2   | Reached XP level 12. HP: 94/101 MP: 18/18
 14308 | Lair:2   | Reached skill level 14 in Maces & Flails
 14820 | Lair:2   | Found a staircase to the Snake Pit.
 14828 | Lair:2   | Received a gift from Okawaru
 15041 | Lair:3   | Noticed a six-headed hydra
 15055 | Lair:3   | Killed a six-headed hydra
 15055 | Lair:3   | Reached skill level 2 in Shields
 15121 | Lair:3   | Found a dark tunnel.
 15130 | Volcano  | Entered a volcano
 15344 | Volcano  | Reached skill level 3 in Shields
 15414 | Volcano  | Found a radiant altar of Vehumet.
 15414 | Volcano  | Noticed a two-headed ogre
 15414 | Volcano  | Noticed a two-headed ogre
 15414 | Volcano  | Noticed an ogre mage
 15414 | Volcano  | Noticed a two-headed ogre
 15426 | Volcano  | Killed a two-headed ogre
 15426 | Volcano  | Reached skill level 4 in Shields
 15432 | Volcano  | Killed a two-headed ogre
 15440 | Volcano  | Killed a two-headed ogre
 15440 | Volcano  | Reached skill level 5 in Shields
 15446 | Volcano  | Killed an ogre mage
 15446 | Volcano  | Reached skill level 6 in Shields
 15459 | Volcano  | Noticed a two-headed ogre
 15472 | Volcano  | Killed a two-headed ogre
 15503 | Volcano  | Got a pair of pitted boots
 15514 | Volcano  | Identified the +1 pair of boots of Classification {Int+6 Dex-3} (You found it in a volcano)
 15554 | Volcano  | Noticed a red draconian
 15583 | Volcano  | Killed a red draconian
 15968 | Lair:3   | Reached skill level 15 in Maces & Flails
 16308 | Lair:3   | Noticed a four-headed hydra
 16316 | Lair:3   | Killed a four-headed hydra
 16419 | Lair:3   | Noticed a six-headed hydra
 16434 | Lair:3   | Killed a six-headed hydra
 16434 | Lair:3   | Received a gift from Okawaru
 16434 | Lair:3   | Reached ****** piety under Okawaru
 16646 | Lair:3   | Reached skill level 1 in Polearms
 16665 | Lair:3   | Reached skill level 2 in Polearms
 16728 | Lair:3   | Reached XP level 13. HP: 75/107 MP: 19/19
 16999 | Lair:3   | Noticed Nergalle
 17013 | Lair:3   | Killed Nergalle
 17013 | Lair:3   | Reached skill level 3 in Polearms
 17183 | Lair:4   | Found a staircase to the Shoals.
 17437 | Lair:4   | Reached skill level 4 in Polearms
 17546 | Lair:4   | Received a gift from Okawaru
 17546 | Lair:4   | Reached skill level 5 in Polearms
 17583 | Lair:4   | Reached skill level 6 in Polearms
 17654 | Lair:4   | Reached skill level 7 in Polearms
 17773 | Lair:4   | Noticed an entropy weaver
 17806 | Lair:4   | Killed an entropy weaver
 17806 | Lair:4   | Received a gift from Okawaru
 17806 | Lair:4   | Reached skill level 8 in Polearms
 17912 | Lair:4   | Noticed an entropy weaver
 17967 | Lair:4   | Killed an entropy weaver
 17967 | Lair:4   | Reached skill level 9 in Polearms
 18634 | Lair:5   | Reached skill level 10 in Polearms
 18663 | Lair:5   | Received a gift from Okawaru
 19030 | Lair:5   | Noticed Rupert
 19086 | Lair:6   | Entered Level 6 of the Lair of Beasts
 19248 | Lair:6   | Reached skill level 11 in Polearms
 19350 | Lair:6   | Found a staircase to the Slime Pits.
 19451 | Lair:6   | Reached XP level 14. HP: 110/115 MP: 17/20
 19602 | Lair:6   | Received a gift from Okawaru
 19697 | Lair:6   | Reached skill level 12 in Polearms
 20392 | Lair:6   | Reached skill level 9 in Fighting
 20510 | Lair:6   | Received a gift from Okawaru
 20619 | Lair:6   | Reached skill level 13 in Polearms
 20629 | Lair:6   | Reached skill level 10 in Fighting
 20935 | Orc:1    | Entered Level 1 of the Orcish Mines
 20941 | Orc:1    | Noticed a stone giant
 20941 | Orc:1    | Noticed Gastronok
 20944 | Orc:1    | Noticed Josephine
 21079 | D:11     | Found a deep blue altar of Sif Muna.
 21664 | D:12     | Received a gift from Okawaru
 21941 | D:12     | Noticed Azrael
 21973 | D:12     | Killed Azrael
 22148 | D:12     | Reached skill level 11 in Fighting
 22308 | D:12     | Gained mutation: Your magical capacity is low. (-10% MP) [potion of mutation]
 22308 | D:12     | Gained mutation: Your flesh is cold resistant. (rC+) [potion of mutation]
 22308 | D:12     | Gained mutation: You have sharp toenails. [potion of mutation]
 23039 | D:9      | Killed Josephine
 23087 | D:9      | Killed a stone giant
 23087 | D:9      | Reached XP level 15. HP: 118/130 MP: 19/19
 23125 | Orc:1    | Killed Gastronok
 23254 | Orc:2    | Entered Level 2 of the Orcish Mines
 23270 | Orc:2    | Found Egre's Antique Armour Shop.
 23362 | Orc:2    | Reached skill level 14 in Polearms
 23376 | Orc:2    | Noticed an orc warlord
 23428 | Orc:1    | Killed an orc warlord
 23488 | Orc:2    | Reached skill level 12 in Fighting
 23552 | Orc:2    | Found Toechurupp's Weapon Emporium.
 23573 | Orc:2    | Found Wudei's General Store.
 23610 | Orc:2    | Bought a scroll of enchant weapon for 97 gold pieces
 23687 | Orc:2    | Found Fibif's Antique Weapon Emporium.
 23710 | Orc:2    | HP: 31/132 [sun demon[an orc high priest] (4)]
 24148 | Orc:2    | Found a staircase to the Elven Halls.
 24171 | Orc:2    | Found Faxty's Book Shoppe.
 24505 | Orc:1    | Noticed Erolcha
 24518 | Orc:2    | Killed Erolcha
 24534 | Orc:2    | Received a gift from Okawaru
 24539 | Orc:2    | Got a jewelled cloak {god gift}
 24552 | Orc:2    | Identified the +0 cloak of Yfaezo Tivu {rN+ Str+4 Dex+3} (Okawaru gifted it to you on level 2 of the Orcish Mines)
 24826 | Orc:1    | Noticed Snorg
 24839 | Orc:1    | Killed Snorg
 24969 | D:13     | Noticed Nessos
 24979 | D:13     | Killed Nessos
 25225 | D:13     | Reached skill level 13 in Fighting
 25326 | D:13     | Reached skill level 15 in Polearms
 25982 | D:14     | Found Loabb's Jewellery Emporium.
 26383 | D:14     | Found a gate to the Vaults.
 26575 | D:14     | Reached XP level 16. HP: 144/144 MP: 20/20
 26620 | D:14     | Reached skill level 16 in Polearms
 26847 | D:15     | Entered Level 15 of the Dungeon
 26876 | D:15     | Received a gift from Okawaru
 26889 | D:15     | Reached skill level 9 in Dodging
 26906 | D:15     | Got a twisted spear {god gift}
 27215 | D:15     | Found Hipapurch's Distillery.
 27223 | D:15     | Bought 2 potions of heal wounds for 190 gold pieces
 27223 | D:15     | Bought a potion of might for 76 gold pieces
 27319 | D:15     | Reached skill level 10 in Dodging
 27580 | D:15     | Received a gift from Okawaru
 27705 | D:15     | Found a staircase to the Depths.
 27711 | Depths:1 | Entered Level 1 of the Depths
 27711 | Depths:1 | Noticed Asterion
 27989 | Lair:1   | Reached skill level 11 in Dodging
 28031 | Shoals:1 | Entered Level 1 of the Shoals
 28129 | Snake:1  | Entered Level 1 of the Snake Pit
 28129 | Snake:1  | Noticed Kirke
 28264 | Lair:2   | Upgraded the game from 0.23-a0-49-gd9f7a49 to 0.23-a0-54-gae6112e
 28464 | Elf:1    | Entered Level 1 of the Elven Halls
 28480 | Elf:1    | Identified the Tome of Poisonous Beguiling
 28482 | Elf:1    | Found a radiant altar of Vehumet.
 28793 | Elf:1    | Found Meluijua's Antique Weapon Emporium.
 28814 | Elf:1    | Found Zoczocle's Book Shoppe.
 29040 | Elf:1    | Found Woisch's Gadget Emporium.
 29055 | Elf:1    | Bought a lamp of fire for 560 gold pieces
 29055 | Elf:1    | Bought a phial of floods for 560 gold pieces
 29061 | Elf:1    | Found Cimeopod's Assorted Antiques.
 29086 | Elf:1    | Bought a potion of might for 112 gold pieces
 29086 | Elf:1    | Bought a scroll of teleportation for 84 gold pieces
 29166 | Elf:1    | Reached skill level 3 in Evocations
 29170 | Elf:1    | Received a gift from Okawaru
 29183 | Elf:1    | Got a pair of shimmering gloves {god gift}
 29194 | Elf:1    | Identified the +2 pair of gloves of Qomit {rPois MP+9 Str+5 Int-2} (Okawaru gifted it to you on level 1 of the Elven Halls)
 29222 | Elf:1    | Reached skill level 4 in Evocations
 29233 | Elf:1    | Identified the Collected Works on Unholy Arts
 29290 | Elf:1    | Found Ratud's Weapon Boutique.
 29494 | Elf:1    | Reached skill level 5 in Evocations
 29847 | Snake:1  | Killed Kirke
 29847 | Snake:1  | Reached skill level 6 in Evocations
 30119 | Snake:1  | Reached skill level 1 in Stealth
 30157 | Snake:1  | Reached skill level 2 in Stealth
 30223 | Snake:1  | Reached skill level 7 in Evocations
 30270 | Snake:1  | Reached XP level 17. HP: 105/150 MP: 20/20
 30378 | Snake:1  | Reached skill level 3 in Stealth
 30381 | Snake:1  | Received a gift from Okawaru
 30399 | Snake:1  | Got a pair of brightly glowing gloves {god gift}
 30410 | Snake:1  | Identified the -3 pair of gloves of True Grit {+Blink +Inv rPois} (Okawaru gifted it to you on level 1 of the Snake Pit)
 30682 | Snake:1  | Reached skill level 4 in Stealth
 31242 | Snake:2  | Reached skill level 8 in Evocations
 31369 | Snake:2  | Reached skill level 5 in Stealth
 31479 | Snake:2  | Got a glittering copper ring
 31495 | Snake:2  | Noticed Vashnia
 31505 | Snake:2  | Identified the ring "Sesyen" {rElec rF- rC+ Int+4 SInv} (You found it on level 2 of the Snake Pit)
 31552 | Snake:2  | Killed Vashnia
 31552 | Snake:2  | Reached skill level 6 in Stealth
 31622 | Snake:2  | Reached skill level 7 in Stealth
 31635 | Snake:2  | Received a gift from Okawaru
 31675 | Snake:2  | Found Zoseaty's Jewellery Boutique.
 31675 | Snake:2  | Found Josm's Gadget Shoppe.
 31703 | Snake:2  | Found Xedorous's Gadget Shoppe.
 31868 | Snake:3  | Noticed Nikola
 31888 | Snake:3  | Killed Nikola
 31888 | Snake:3  | Reached skill level 8 in Stealth
 31963 | Snake:3  | Noticed Saint Roka
 32057 | Snake:3  | Reached skill level 12 in Dodging
 32190 | Snake:3  | Killed Saint Roka
 32249 | Snake:3  | p0werm0de: sup
 32257 | Snake:3  | MackTheKnife: hey!
 32257 | Snake:3  | MackTheKnife: long time no see
 32269 | Snake:3  | p0werm0de: yarr
 32269 | Snake:3  | MackTheKnife: how's it hanging?
 32269 | Snake:3  | p0werm0de: https://discord.gg/SzXGZNS
 32269 | Snake:3  | p0werm0de: a bit swollen, but thats good eh
 32269 | Snake:3  | MackTheKnife: due to heat? :>
 32292 | Snake:3  | Reached skill level 14 in Fighting
 32298 | Snake:3  | p0werm0de: bcz i like your name
 32319 | Snake:3  | MackTheKnife: it's a fine name
 32319 | Snake:3  | p0werm0de: did you see my realtime shiat?
 32319 | Snake:3  | MackTheKnife: whassat?
 32319 | Snake:3  | MackTheKnife: also: Im not friends with discord
 32319 | Snake:3  | p0werm0de: https://www.youtube.com/channel/UC3BYR2al1O0IsuT3Ughmnjg?view_as=subscriber
 32319 | Snake:3  | p0werm0de: yea ok :P
 32319 | Snake:3  | p0werm0de: its a server for xtahua now
 32319 | Snake:3  | p0werm0de: the discord thing
 32319 | Snake:3  | MackTheKnife: Ah
 32319 | Snake:3  | MackTheKnife: ah, speedruns
 32319 | Snake:3  | MackTheKnife: how are your o and tab keys doing?
 32349 | Snake:3  | p0werm0de: i pushed the realtime speedruns to 26:44 until may
 32358 | Snake:3  | p0werm0de: :P
 32370 | Snake:3  | MackTheKnife: sick
 32370 | Snake:3  | p0werm0de: and got beaten just 3 days ago now
 32372 | Snake:3  | p0werm0de: by manman
 32379 | Snake:3  | Received a gift from Okawaru
 32415 | Snake:3  | MackTheKnife: haha so many DDFi:s
 32415 | Snake:3  | MackTheKnife: you lunatic
 32415 | Snake:3  | p0werm0de: yea ofc
 32431 | Snake:3  | p0werm0de: :P
 32444 | Snake:3  | Got a dazzling glaive
 32485 | Snake:3  | Identified the +8 glaive "Vufeg" {chop, rPois} (You found it on level 3 of the Snake Pit)
 32695 | Snake:3  | Found a snail-covered altar of Cheibriados.
 32994 | Slime:1  | Entered Level 1 of the Pits of Slime
 32995 | Slime:1  | MackTheKnife: oka is boring
 32995 | Slime:1  | MackTheKnife: lets go jiyva
 32995 | Slime:1  | MackTheKnife: if we survive
 33104 | Slime:1  | Reached XP level 18. HP: 161/161 MP: 11/21
 33274 | Slime:1  | Received a gift from Okawaru
 33277 | Slime:1  | Got an encrusted hat {god gift}
 33290 | Slime:1  | Identified the +0 hat "Laprin" {rC+} (Okawaru gifted it to you on level 1 of the Pits of Slime)
 33352 | Slime:1  | Reached skill level 13 in Dodging
 33466 | Slime:5  | Entered Level 5 of the Pits of Slime
 33491 | Slime:5  | Found a viscous altar of Jiyva.
 33492 | Slime:5  | Noticed the Royal Jelly
 33494 | Slime:5  | Fell from the grace of Okawaru
 33494 | Slime:5  | Became a worshipper of Jiyva Jessiath the Shapeless
 34152 | Elf:1    | Reached * piety under Jiyva
 34197 | Elf:1    | Reached ** piety under Jiyva
 34262 | Orc:2    | Reached *** piety under Jiyva
 34263 | Orc:2    | Gained mutation: You expend magic power (3 MP) to strengthen your wands. [Jiyva's grace]
 34276 | Orc:2    | Gained mutation: Your body has grown golden eyes which may confuse attackers. (Acc +3) [Jiyva's grace]
 34282 | Orc:2    | Reached **** piety under Jiyva
 34290 | Orc:2    | Lost mutation: Your magical capacity is low. (-10% MP) [Jiyva's grace]
 34291 | Orc:2    | Reached ***** piety under Jiyva
 34335 | Orc:1    | Lost mutation: You have sharp toenails. [Jiyva's grace]
 34441 | D:9      | Lost mutation: Your body has grown golden eyes which may confuse attackers. (Acc +3) [Jiyva's grace]
 34692 | D:9      | Reached ****** piety under Jiyva
 34878 | Slime:5  | Gained mutation: Your magical capacity is low. (-10% MP) [Jiyva's grace]
 34886 | Slime:5  | Gained mutation: Your rubbery body absorbs attacks. (AC +1, EV +1) [Jiyva's grace]
 34899 | Slime:5  | Lost mutation: Your magical capacity is low. (-10% MP) [Jiyva's grace]
 34909 | Slime:5  | Gained mutation: Your flesh is very cold resistant. (rC++) [Jiyva's grace]
 34919 | Slime:5  | Got a slimy rune of Zot
 34920 | Slime:5  | Identified Qyuchoc's Incunabulum of Contamination and Ice
 35142 | Snake:4  | Entered Level 4 of the Snake Pit
 35217 | Snake:4  | Found a sparkling altar of Nemelex Xobeh.
 35280 | Snake:4  | Reached skill level 15 in Fighting
 35410 | Snake:4  | Gained mutation: Your translucent skin slightly reduces your foes' accuracy. (Stealth) [Jiyva's grace]
 35539 | Snake:4  | Gained mutation: Your spells are a little harder to cast, but a little more powerful. [Jiyva's grace]
 35768 | Snake:4  | p0werm0de: you goin to play in tourney?
 35768 | Snake:4  | MackTheKnife: nah
 35768 | Snake:4  | p0werm0de: kk
 35768 | Snake:4  | MackTheKnife: not much time these days
 35783 | Snake:4  | MackTheKnife: When is it?
 35785 | Snake:4  | Gained mutation: You are agile. (Dex +2) [Jiyva's grace]
 35790 | Snake:4  | Gained mutation: Your body has grown golden eyes which may confuse attackers. (Acc +3) [Jiyva's grace]
 35809 | Snake:4  | Gained mutation: You have an increased reservoir of magic. (+10% MP) [Jiyva's grace]
 35839 | Snake:4  | Gained mutation: You have a small jelly attached to you that senses nearby items. [Jiyva's grace]
 35856 | Snake:4  | p0werm0de: 10th of august
 35856 | Snake:4  | MackTheKnife: Oho
 35856 | Snake:4  | MackTheKnife: you got a team?
 35856 | Snake:4  | p0werm0de: will also only play a bit
 35856 | Snake:4  | p0werm0de: yea
 35856 | Snake:4  | p0werm0de: but
 35858 | Snake:4  | Gained mutation: You are very agile. (Dex +4) [Jiyva's grace]
 35862 | Snake:4  | p0werm0de: i play with zkyp/medar and toe (first two are the xtahua owners)
 35874 | Snake:4  | Gained mutation: You have acidic saliva. [Jiyva's grace]
 35875 | Snake:4  | p0werm0de: and enish, me
 35897 | Snake:4  | p0werm0de: and one dude is not really sure if he shows up (puimur)
 35897 | Snake:4  | MackTheKnife: whew, Im so out of the loop
 35897 | Snake:4  | MackTheKnife: dont know any of those :/
 35897 | Snake:4  | p0werm0de: in which case youd maybe fit in the clan, as a good player who wont chaase for points hardcore
 35897 | Snake:4  | p0werm0de: as said theyre the server owners of xtahua
 35897 | Snake:4  | MackTheKnife: Im honored, but sorry - too much stuff coming up
 35897 | Snake:4  | p0werm0de: kk
 35899 | Snake:4  | p0werm0de: but we play casual
 35899 | Snake:4  | MackTheKnife: can you believe this jiyva tab though?
 35899 | Snake:4  | p0werm0de: like zkyp only is home 1 week of 16 days etc
 35899 | Snake:4  | MackTheKnife: anything hard you slimify
 35899 | Snake:4  | MackTheKnife: ah
 35960 | Snake:4  | Lost mutation: You expend magic power (3 MP) to strengthen your wands. [Jiyva's grace]
 35988 | Snake:4  | Got a serpentine rune of Zot
 36059 | Snake:4  | Reached skill level 14 in Dodging
 36261 | Shoals:1 | Gained mutation: You have a pair of small horns on your head. [Jiyva's grace]
 36289 | Shoals:1 | Gained mutation: You expend magic power (3 MP) to strengthen your wands. [Jiyva's grace]
 36333 | Shoals:1 | Reached skill level 16 in Fighting
 36403 | Shoals:1 | Noticed Louise
 36412 | Shoals:1 | Noticed Frances
 36416 | Shoals:1 | Slimified Louise
 36416 | Shoals:1 | Noticed Louise
 36416 | Shoals:1 | Louise changed into Louise the acid blob
 36418 | Shoals:1 | Lost mutation: You are very agile. (Dex +4) [Jiyva's grace]
 36425 | Shoals:1 | Slimified Frances
 36425 | Shoals:1 | Noticed Frances
 36425 | Shoals:1 | Frances changed into Frances the azure jelly
 36428 | Shoals:1 | Lost mutation: You expend magic power (3 MP) to strengthen your wands. [Jiyva's grace]
 36457 | Shoals:1 | Gained mutation: Your mind is acute. (Int +2) [Jiyva's grace]
 36786 | Shoals:2 | Got a steaming turquoise ring
 36789 | Shoals:2 | Identified the ring of the Chupacabra {Dex+2 Slay+2 Stlth-} (You found it on level 2 of the Shoals)
 36805 | Shoals:2 | Found Inaiw's Magic Scroll Boutique.
 36806 | Shoals:2 | Found a large runed door.
 36806 | Shoals:2 | Found a large runed door.
 36807 | Shoals:2 | Noticed melvinkitnick's ghost (adept GnWn)
 36874 | Shoals:2 | Killed melvinkitnick's ghost
 37003 | Shoals:2 | Bought a scroll of magic mapping for 49 gold pieces
 37003 | Shoals:2 | Bought a scroll of magic mapping for 49 gold pieces
 37003 | Shoals:2 | Bought a scroll of brand weapon for 280 gold pieces
 37280 | Shoals:2 | Lost mutation: You are agile. (Dex +2) [Jiyva's grace]
 37431 | Shoals:3 | Lost mutation: Your rubbery body absorbs attacks. (AC +1, EV +1) [Jiyva's grace]
 37482 | Shoals:3 | Gained mutation: Your translucent skin reduces your foes' accuracy. (Stealth) [Jiyva's grace]
 37491 | Shoals:3 | Lost mutation: You have a pair of small horns on your head. [Jiyva's grace]
 37546 | Shoals:3 | Lost mutation: Your body has grown golden eyes which may confuse attackers. (Acc +3) [Jiyva's grace]
 37666 | Shoals:4 | Entered Level 4 of the Shoals
 37778 | Shoals:4 | Gained mutation: You possess an exceptional clarity of mind. [Jiyva's grace]
 37856 | Shoals:4 | Got a barnacled rune of Zot
 37859 | Shoals:4 | Lost mutation: Your mind is acute. (Int +2) [Jiyva's grace]
 37907 | Shoals:4 | Reached XP level 19. HP: 174/174 MP: 27/27
 37924 | Shoals:4 | Lost mutation: Your flesh is very cold resistant. (rC++) [Jiyva's grace]
 38063 | Shoals:4 | Gained mutation: You passively map a small area around you. [Jiyva's grace]
 38153 | Shoals:3 | Reached skill level 17 in Fighting
 38180 | Shoals:3 | Noticed Ilsuiw
 38199 | Shoals:3 | Slimified Ilsuiw
 38199 | Shoals:3 | Noticed Ilsuiw
 38208 | Shoals:3 | Killed Ilsuiw the slime creature
 38235 | Shoals:3 | Reached skill level 15 in Dodging
 38262 | Shoals:3 | Gained mutation: You are somewhat resistant to further mutation. [Jiyva's grace]
 38266 | Shoals:3 | Lost mutation: You passively map a small area around you. [Jiyva's grace]
 38821 | Vaults:1 | Entered Level 1 of the Vaults
 38961 | Vaults:1 | Lost mutation: Your spells are a little harder to cast, but a little more powerful. [Jiyva's grace]
 39033 | Vaults:1 | Gained mutation: Your body has grown golden eyes which may confuse attackers. (Acc +3) [Jiyva's grace]
 39035 | Vaults:1 | Got a steaming arbalest
 39047 | Vaults:1 | Lost mutation: You are somewhat resistant to further mutation. [Jiyva's grace]
 39056 | Vaults:1 | Lost mutation: You have an increased reservoir of magic. (+10% MP) [Jiyva's grace]
 39125 | Vaults:1 | Gained mutation: You are resistant to electric shocks. (rElec) [Jiyva's grace]
 39181 | Vaults:1 | Lost mutation: Your flesh is cold resistant. (rC+) [Jiyva's grace]
 39611 | Vaults:1 | Lost mutation: You possess an exceptional clarity of mind. [Jiyva's grace]
 39834 | Vaults:1 | Noticed a lich
 39865 | Vaults:1 | Killed a lich
 39872 | Vaults:1 | Identified a scroll of acquirement
 39874 | Vaults:1 | Got a smoking large shield
 39885 | Vaults:1 | Identified the +3 large shield of Subjectivity {rElec rF++ Str-5 Int+4} (You acquired it on level 1 of the Vaults)
 39968 | Vaults:1 | Gained mutation: Your magical capacity is low. (-10% MP) [Jiyva's grace]
 40094 | Vaults:2 | Was forgiven by Okawaru
 40817 | Elf:2    | Found a runed gate.
 40817 | Elf:2    | Found a runed gate.
 40843 | Elf:2    | Reached skill level 7 in Shields
 41042 | Elf:2    | Reached skill level 8 in Shields
 41354 | Elf:2    | Found a runed gate.
 41378 | Elf:2    | Lost mutation: Your body has grown golden eyes which may confuse attackers. (Acc +3) [Jiyva's grace]
 41487 | Elf:2    | Lost mutation: Your magical capacity is low. (-10% MP) [Jiyva's grace]
 41496 | Elf:3    | Entered Level 3 of the Elven Halls
 41526 | Elf:3    | Reached skill level 9 in Shields
 41807 | Elf:3    | Gained mutation: Your flesh is cold resistant. (rC+) [Jiyva's grace]
 41819 | Elf:3    | Lost mutation: You are resistant to electric shocks. (rElec) [Jiyva's grace]
 41847 | Elf:3    | Gained mutation: You expend magic power (3 MP) to strengthen your wands. [Jiyva's grace]
 41942 | Elf:3    | Reached skill level 10 in Shields
 42035 | Elf:3    | Gained mutation: Your rubbery body absorbs attacks. (AC +1, EV +1) [Jiyva's grace]
 42190 | Elf:3    | Noticed a Tzitzimitl
 42244 | Elf:3    | Lost mutation: You expend magic power (3 MP) to strengthen your wands. [Jiyva's grace]
 42260 | Elf:3    | Got an uncursed brightly glowing broad axe {chop}
 42274 | Elf:3    | Identified the +10 broad axe of the End {chop, rElec MR+ Str+3 Dex-3} (You took it off a deep elf archer on level 3 of the Elven Halls)
 42302 | Elf:3    | Cast into level 2 of the Abyss (a deep elf sorcerer)
 42364 | Abyss:2  | Reached skill level 11 in Shields
 42646 | Elf:3    | Escaped the Abyss
 42647 | Elf:3    | Noticed a Brimstone Fiend
 42652 | Elf:3    | Lost mutation: You have acidic saliva. [Jiyva's grace]
 42811 | Elf:3    | Lost mutation: Your translucent skin reduces your foes' accuracy. (Stealth) [Jiyva's grace]
 42961 | Elf:3    | Reached XP level 20. HP: 134/184 MP: 26/26
 43015 | Elf:3    | Lost mutation: Your flesh is cold resistant. (rC+) [Jiyva's grace]
 43070 | Elf:3    | Gained mutation: Your body has grown golden eyes which may confuse attackers. (Acc +3) [Jiyva's grace]
 43077 | Elf:3    | Got a pitted bone ring
 43078 | Elf:3    | Identified the ring of Day {*Tele MR+ Int+3} (You found it on level 3 of the Elven Halls)
 43147 | Elf:3    | Reached skill level 12 in Shields
 43161 | Elf:3    | Got a fine halberd {protect}
 43203 | D:15     | Gained mutation: You have a small jelly attached to you that may absorb incoming projectiles. [Jiyva's grace]
 43219 | Elf:3    | Got an ancient short sword {flame}
 43273 | Elf:3    | Identified the Catalogue of Dislocation and the Glacier
 43275 | Elf:3    | Identified the Compendium of Freezing Clay
 43279 | Elf:3    | Identified the Guide on Earthen Enhancements
 43295 | Elf:3    | Got a dazzling cloak
 43309 | Elf:3    | Identified the cursed +0 cloak of Conscience {*Contam rCorr Int+4} (You found it on level 3 of the Elven Halls)
 43538 | Elf:2    | Gained mutation: You have acidic saliva. [Jiyva's grace]
 43797 | Depths:1 | Slimified Asterion
 43797 | Depths:1 | Noticed Asterion
 43797 | Depths:1 | Asterion changed into Asterion the acid blob
 43829 | Depths:1 | Got an encrusted shield
 43846 | D:15     | Identified the +0 shield of Polytheism {MR+ Dex+3 Stlth+} (You found it on level 1 of the Depths)
 43858 | Depths:1 | Gained mutation: You expend magic power (3 MP) to strengthen your wands. [Jiyva's grace]
 43881 | Depths:1 | Found a gateway to Hell.
 44119 | Depths:1 | Reached skill level 13 in Shields
 44305 | Depths:1 | Noticed Sojobo
 44457 | Depths:3 | Upgraded the game from 0.23-a0-54-gae6112e to 0.23-a0-61-g4bf3f6c
 44465 | Depths:3 | Noticed a caustic shrike
 44474 | Depths:3 | Slimified a caustic shrike
 44474 | Depths:3 | a caustic shrike changed into an azure jelly
 44509 | Depths:3 | Gained mutation: You tend to lose your temper in combat. [Jiyva's grace]
 44555 | Depths:3 | Lost mutation: You have a small jelly attached to you that may absorb incoming projectiles. [Jiyva's grace]
 44587 | Depths:3 | Gained mutation: You have large cloven feet. [Jiyva's grace]
 44632 | Depths:3 | Paralysed by a sphinx for 7 turns
 44656 | Depths:3 | Lost mutation: You tend to lose your temper in combat. [Jiyva's power]
 44690 | Depths:3 | Lost mutation: You expend magic power (3 MP) to strengthen your wands. [Jiyva's grace]
 44697 | Depths:3 | Reached skill level 14 in Shields
 44735 | Depths:3 | Lost mutation: You have large cloven feet. [Jiyva's grace]
 44745 | Depths:3 | Lost mutation: You have acidic saliva. [Jiyva's grace]
 44818 | Depths:3 | Found a gateway to a ziggurat.
 44834 | Depths:3 | Gained mutation: You have sharp toenails. [Jiyva's grace]
 44853 | Depths:3 | Noticed a golden dragon
 44862 | Depths:3 | Gained mutation: You have very sharp teeth. [Jiyva's grace]
 44864 | Depths:3 | Slimified a golden dragon
 44864 | Depths:3 | a golden dragon changed into an azure jelly
 44910 | Depths:3 | Gained mutation: Your flesh is cold resistant. (rC+) [Jiyva's grace]
 44952 | Depths:3 | Found a one-way gate leading to the halls of Pandemonium.
 44996 | Depths:3 | Found Ympur's Antique Weapon Boutique.
 45042 | Depths:3 | Got a vibrating granite ring
 45046 | Depths:3 | Identified the ring "Qimaeweo" {rPois rF+ MP+9 SInv} (You found it on level 3 of the Depths)
 45083 | Depths:3 | Gained mutation: You evolve. [Jiyva's grace]
 45114 | Depths:3 | Reached skill level 15 in Shields
 45140 | Depths:3 | Found a one-way gate to the infinite horrors of the Abyss.
 45218 | Depths:3 | Got a coiled lapis lazuli ring
 45223 | Depths:3 | Identified the ring of Fumil {*Tele MR- Str+5 Int+6} (You found it on level 3 of the Depths)
 45259 | Depths:3 | Gained mutation: You possess an exceptional clarity of mind. [Jiyva's grace]
 45402 | Depths:3 | Got a coiled ivory ring
 45403 | Depths:3 | Gained mutation: You have a small jelly attached to you that may absorb incoming projectiles. [Jiyva's grace]
 45630 | Depths:4 | Reached skill level 16 in Shields
 45642 | Depths:4 | Found a portal to a secret trove of treasure.
 45724 | Depths:3 | Voluntarily entered the Abyss.
 45808 | Abyss:1  | Noticed a bone dragon
 45817 | Abyss:1  | Noticed a bone dragon
 45859 | Abyss:1  | Killed a bone dragon
 45875 | Abyss:1  | Reached XP level 21. HP: 119/191 MP: 27/27
 46207 | Abyss:2  | Gained mutation: Your tail ends in a poisonous barb. [Jiyva's grace]
 46290 | Abyss:3  | Lost mutation: You possess an exceptional clarity of mind. [potion of mutation]
 46290 | Abyss:3  | Lost mutation: Your rubbery body absorbs attacks. (AC +1, EV +1) [potion of mutation]
 46290 | Abyss:3  | Lost mutation: Your body has grown golden eyes which may confuse attackers. (Acc +3) [potion of mutation]
 46290 | Abyss:3  | Gained mutation: Your spells are a little harder to cast, but a little more powerful. [potion of mutation]
 46290 | Abyss:3  | Gained mutation: Your large and strong wings let you fly indefinitely. [potion of mutation]
 46723 | Abyss:3  | Reached skill level 17 in Shields
 46782 | Abyss:3  | Paralysed by accursed screaming for 1 turns
 46789 | Abyss:3  | Paralysed by accursed screaming for 2 turns
 46790 | Abyss:3  | HP: 32/191 [starcursed mass/accursed screaming (19)]
 46792 | Abyss:3  | HP: 8/191 [starcursed mass/accursed screaming (18)]
 46805 | Abyss:3  | HP: 21/191 [starcursed mass/accursed screaming (7)]
 46926 | Abyss:3  | Found a burning altar of Makhleb.
 46957 | Abyss:3  | Found a corrupted altar of Lugonu.
 47033 | Abyss:3  | Lost mutation: Your tail ends in a poisonous barb. [Jiyva's grace]
 47043 | Abyss:3  | Found a blossoming altar of Fedhas.
 47182 | Abyss:3  | Gained mutation: Scrolls take you a little longer to read. [a cacodemon]
 47182 | Abyss:3  | Paralysed by accursed screaming for 1 turns
 47187 | Abyss:3  | Paralysed by accursed screaming for 1 turns
 47664 | Abyss:4  | Got a coiled marble ring
 47668 | Abyss:4  | Identified the ring of Divine Compulsion {Str+2 Stlth+} (You found it on level 4 of the Abyss)
 47670 | Abyss:4  | Identified the ring of Notruc {*Corrode rElec Str+2 Int+2 Dex+8} (You took it off a vampire mage on level 3 of the Depths)
 47828 | Abyss:4  | Gained mutation: You are occasionally teleported next to monsters. [a neqoxec]
 48007 | Abyss:4  | Reached skill level 18 in Shields
 48037 | Abyss:4  | HP: 41/191 [starcursed mass/accursed screaming (10)]
 48040 | Abyss:4  | Paralysed by accursed screaming for 1 turns
 48049 | Abyss:4  | Paralysed by accursed screaming for 2 turns
 48093 | Abyss:4  | Got an abyssal rune of Zot
 48253 | Abyss:5  | Entered Level 5 of the Abyss
 48253 | Abyss:5  | Found a corrupted altar of Lugonu.
 48368 | Depths:3 | Escaped the Abyss
 48442 | Depths:4 | You showed the abyssal rune of Zot to enter a treasure trove
 48443 | Trove    | Entered a treasure trove
 48448 | Trove    | Got a steaming demon trident
 48452 | Trove    | Got a slimy morningstar
 48455 | Trove    | Got a shimmering demon trident
 48456 | Trove    | Identified the +4 demon trident "Qaigouc" {vamp, rPois SInv} (You found it in a treasure trove)
 48458 | Trove    | Identified the +0 demon trident of Melee {freeze, rPois} (You found it in a treasure trove)
 48460 | Trove    | Identified the +6 morningstar of Izul {crush, MP+9 Str+6 Int-3} (You found it in a treasure trove)
 48573 | Depths:4 | Lost mutation: You have a small jelly attached to you that senses nearby items. [Jiyva's grace]
 48592 | Depths:4 | Gained mutation: You passively map a small area around you. [evolution]
 48618 | Depths:4 | Lost mutation: You are occasionally teleported next to monsters. [Jiyva's power]
 48651 | Lair:2   | Gained mutation: Your muscles are strong. (Str +2) [Jiyva's grace]
 48743 | Depths:4 | Cast into level 3 of the Abyss (a lich)
 48783 | Abyss:3  | Found a hazy altar of Hepliaklqana.
 48786 | Abyss:3  | Lost mutation: Your flesh is cold resistant. (rC+) [Jiyva's grace]
 48806 | Abyss:3  | Found a corrupted altar of Lugonu.
 48836 | Abyss:3  | Lost mutation: Scrolls take you a little longer to read. [Jiyva's power]
 48997 | Abyss:3  | Gained mutation: Your body sometimes deteriorates upon taking damage. [a neqoxec]
 49021 | Abyss:3  | Reached skill level 19 in Shields
 49033 | Abyss:3  | Gained mutation: Your body often deteriorates upon taking damage. [a neqoxec]
 49034 | Abyss:3  | Lost mutation: Your muscles are strong. (Str +2) [a neqoxec]
 49228 | Abyss:3  | Found a hide-covered altar of Uskayaw.
 49305 | Depths:4 | Escaped the Abyss
 49814 | Depths:4 | Lost mutation: You evolve. [Jiyva's grace]
 49814 | Depths:4 | Gained mutation: You are somewhat resistant to further mutation. [Jiyva's grace]
 49913 | Depths:4 | Noticed Xtahua
 49942 | Depths:4 | Killed Xtahua
 49942 | Depths:4 | Reached XP level 22. HP: 126/200 MP: 28/28
 49979 | Depths:4 | Lost mutation: You have sharp toenails. [Jiyva's grace]
 49980 | Depths:4 | Lost mutation: Your body often deteriorates upon taking damage. [Jiyva's power]
 50196 | Depths:4 | Lost mutation: You are somewhat resistant to further mutation. [Jiyva's grace]
 50234 | Depths:4 | Reached skill level 20 in Shields
 50286 | Depths:5 | Entered Level 5 of the Depths
 50324 | Depths:4 | Lost mutation: Your body sometimes deteriorates upon taking damage. [Jiyva's power]
 50337 | Depths:4 | Gained mutation: You passively map the area around you. [Jiyva's grace]
 50619 | Depths:5 | Gained mutation: You are covered in slimy tendrils that may disarm your opponents. [Jiyva's grace]
 50665 | Depths:5 | Found a gate to the Realm of Zot.
 50823 | Zot:1    | Entered Level 1 of the Realm of Zot
 50861 | Depths:5 | Lost mutation: You are covered in slimy tendrils that may disarm your opponents. [Jiyva's grace]
 51219 | D:4      | Bought a wand of digging (18) for 528 gold pieces
 51770 | Zot:3    | Reached skill level 21 in Shields
 51814 | Zot:4    | Noticed a golden dragon
 51841 | Zot:4    | Killed a golden dragon
 51869 | Zot:4    | Lost mutation: Your translucent skin slightly reduces your foes' accuracy. (Stealth) [Jiyva's grace]
 51878 | Zot:4    | Noticed a Killer Klown
 51887 | Zot:4    | Slimified a Killer Klown
 51887 | Zot:4    | a Killer Klown changed into an azure jelly
 51950 | Zot:4    | Noticed a curse toe
 51963 | Zot:5    | Entered Level 5 of the Realm of Zot
 52230 | Zot:5    | Upgraded the game from 0.23-a0-61-g4bf3f6c to 0.23-a0-78-gc252fe1
 52508 | Zot:5    | Noticed an ancient lich
 52533 | Zot:5    | Killed an ancient lich
 52547 | Zot:5    | HP: 44/200 [purple draconian/bolt of dispelling energy (30)]
 52563 | Zot:5    | HP: 4/200 [purple draconian/bolt of dispelling energy (47)]
 52568 | Zot:5    | HP: 29/200 [storm dragon/bolt of lightning (14)]
 52804 | Zot:2    | Noticed a golden dragon
 52832 | Zot:2    | Killed a golden dragon
 52832 | Zot:2    | Reached skill level 22 in Shields
 52851 | Depths:5 | Upgraded the game from 0.23-a0-78-gc252fe1 to 0.23-a0-87-g5f73bc1
 52974 | Zot:4    | Lost mutation: Your large and strong wings let you fly indefinitely. [Jiyva's grace]
 53017 | Zot:4    | Killed a curse toe
 53107 | Zot:5    | Noticed a golden dragon
 53121 | Zot:5    | Slimified a golden dragon
 53121 | Zot:5    | a golden dragon changed into an acid blob
 53166 | Zot:5    | Noticed a Killer Klown
 53167 | Zot:5    | Reached XP level 23. HP: 181/206 MP: 29/29
 53211 | Zot:5    | Killed a Killer Klown
 53230 | Zot:5    | Noticed an orb of fire
 53240 | Zot:5    | Gained mutation: You are frail. (-10% HP) [an orb of fire]
 53244 | Zot:5    | Gained mutation: You do not regenerate when monsters are visible. [an orb of fire]
 53251 | Zot:5    | Killed an orb of fire
 53251 | Zot:5    | Reached skill level 18 in Fighting
 53278 | Zot:5    | Noticed an ancient lich
 53295 | Zot:5    | Killed an ancient lich
 53342 | Zot:5    | Lost mutation: You are frail. (-10% HP) [Jiyva's grace]
 53448 | Zot:5    | Noticed an ancient lich
 53473 | Zot:5    | Killed an ancient lich
 53510 | Zot:5    | Noticed an ancient lich
 53527 | Zot:5    | Cast into level 5 of the Abyss (an ancient lich)
 53527 | Abyss:5  | Entered Level 5 of the Abyss
 53533 | Abyss:5  | Got a pitted marble ring
 53534 | Abyss:5  | Identified the ring "Ruwi" {Wiz rF+} (You acquired it on level 5 of the Abyss)
 53553 | Zot:5    | Escaped the Abyss
 53586 | Zot:5    | Killed an ancient lich
 53586 | Zot:5    | Reached skill level 19 in Fighting
 53607 | Zot:5    | Noticed an ancient lich
 53774 | Zot:4    | Killed an ancient lich
 54230 | Zot:5    | Lost mutation: You have a small jelly attached to you that may absorb incoming projectiles. [Jiyva's grace]
 54359 | Zot:5    | Lost mutation: You do not regenerate when monsters are visible. [Jiyva's power]
 54474 | Zot:5    | Reached skill level 20 in Fighting
 54663 | Zot:5    | Noticed an orb of fire
 54676 | Zot:5    | Gained mutation: You occasionally shout uncontrollably at your foes. [an orb of fire]
 54689 | Zot:5    | Gained mutation: You sometimes yell uncontrollably at your foes. [an orb of fire]
 54734 | Zot:5    | Gained mutation: You are weak. (Str -2) [an orb of fire]
 54735 | Zot:5    | Gained mutation: Your body sometimes deteriorates upon taking damage. [an orb of fire]
 54747 | Zot:5    | Killed an orb of fire
 54774 | Zot:5    | Got the Orb of Zot
 54889 | Zot:3    | Reached skill level 21 in Fighting
 54895 | Zot:3    | Lost mutation: You are weak. (Str -2) [Jiyva's grace]
 54935 | Zot:1    | Noticed an ancient lich
 55147 | D:15     | Noticed Jabbaon the pandemonium lord
 55227 | D:13     | Lost mutation: Your spells are a little harder to cast, but a little more powerful. [a neqoxec]
 55266 | D:12     | Noticed Qanamite the pandemonium lord
 55561 | D:2      | Gained mutation: You have a pair of small antennae on your head. [Jiyva's grace]
 55565 | D:2      | Lost mutation: Your body sometimes deteriorates upon taking damage. [Jiyva's power]
 55626 | D:$      | Escaped with the Orb!

Vault maps used:
D:1:      lemuel_arrival_funnel, minmay_tromino_v2
D:2:      okawaru_trees_2, chequers_ecumenical_altar_grove
D:3:      cheibrodos_greedy_goblins, uniq_natasha
D:4:      kennysheep_goblin_castle, nicolae_tso_besieged_by_evil,
          nicolae_elemental_shop
D:5:      nicolae_ru_great_annihilating_truth, temple_hall, serial_shops, shop,
          gammafunk_ghost_cemetery, enter_ossuary_2, first_ration
D:6:      minitemple, uniq_sigmund, uniq_blork_the_orc
D:7:      enter_bailey_8, dk_noncrumbling_2, grunt_ogre_cave,
          cheibriados_altar_1, uniq_prince_ribbit1, uniq_harold,
          uniq_crazy_yiuf_cottage
D:8:      lemuel_flamethrower_2, uniq_erica
D:9:      erik_lair_dragon, gammafunk_ghost_nasty_kobolds, uniq_joseph
D:10:     uniq_fannar, uniq_sonja
D:11:     basic_altar, kennysheep_nondescript, lightli_fourway_metalbox
D:12:     uniq_azrael
D:13:     serial_co_window_serial, co_window_paths_a, co_window_paths_a,
          co_window_of_opportunity_a, co_window_cross_1, co_window_paths_a,
          co_window_corner_b, co_window_of_opportunity_b, co_window_2corner,
          co_window_broadway_a, co_window_4corner_b, glass_columns_a,
          uniq_nessos
D:14:     david_vaults_5, serial_shops, nicolae_shop_trees,
          minmay_misc_feat_secret_circle, lemuel_nasty_fountain
D:15:     grunt_enter_depths_magical_seal, hangedman_decor_push, serial_shops,
          nicolae_shop_statue_plus, nrook_mini_backslash, st_stairs_7
Temple:   eino_narrow_crystal_temple
Lair:1:   portal_ice_cave_entry_pillars_1, lemuel_fruit_fields,
          serial_bayou_shore_a, serial_bayou_shore_b
Lair:2:   guppyfry_snake_entry_garden, forest_entry_grove,
          infiniplex_staircase_pool
Lair:3:   nicolae_volcano_entry_s_turn, lemuel_fruit_fields, uniq_nergalle
Lair:4:   minmay_shoals_entry_centaurs, zaba_anthell
Lair:5:   grunt_megastairs_3, uniq_rupert
Lair:6:   grunt_lair_end_beastmaster, nicolae_slime_entry_slimehenge,
          kennysheep_rathole
Shoals:1: uniq_louise, uniq_frances
Shoals:2: ebering_ghost_disaster_area, nicolae_shoals_c_island
Shoals:3: nicolae_shoals_kraken_party, uniq_ilsuiw
Shoals:4: shoals_end_grunt_ice
Snake:1:  uniq_kirke
Snake:2:  minmay_shop_grove, uniq_vashnia
Snake:3:  basic_altar, nicolae_snake_springs, uniq_saint_roka, uniq_nikola
Snake:4:  grunt_snake_rune_serpentine_throne, spider_trap, grunt_ministairs_14,
          lemuel_altar_in_water2
Orc:1:    elves_outpost_lemuel, uniq_gastronok, uniq_erolcha, uniq_snorg,
          uniq_josephine
Orc:2:    grunt_orc_gardens, grunt_orc_garden, grunt_orc_garden,
          grunt_orc_garden, grunt_orc_garden, serial_shops, shop, special_room,
          nicolae_orc_pool_cavern
Elf:1:    eino_elf_arrival_altar, serial_shops, shop_coins, shop_statue, shop,
          shop, nicolae_shop_behind_doors, minmay_elf_necromancy
Elf:2:    spider_trap, st_stairs_5
Elf:3:    minmay_elf_hall_circle
Vaults:1: dpeg_vaults_waves, nicolae_vaults_yaktaur_gun_rack,
          vaults_dpeg_diagonal, grunt_vaults_hallway_short, vaults_room_hallway
Vaults:2: minmay_crypt_entry_simple_round, v_alt_pattern_1, v_misc_23,
          v_rooms_3, vaults_room_semicircle
Depths:1: minmay_spriggan_fort, minmay_misc_feat_columns, hell_entry,
          serial_co_window_serial, co_window_paths_b, co_window_cross_1,
          co_window_paths_a, co_window_paths_b, co_window_paths_a,
          co_window_paths_a, co_window_corner_a, co_window_corner_a,
          co_window_cross_1, co_window_paths_c, co_window_unsneaky_path_b,
          co_window_broadway_b, co_window_of_opportunity_c, co_window_2corner,
          co_window_of_opportunity_c, co_window_of_opportunity_c,
          glass_columns_a, kennysheep_generic_room_8, uniq_sojobo, uniq_asterion
Depths:2: minmay_quarter_circles, grunt_hell_entry_dis_grunt,
          nicolae_abyss_entry_one_way_or_another, serial_shops, kennysheep_mini,
          minivault_14, infiniplex_staircase_pool_lava
Depths:3: hangedman_spin_cycle, abyss_entry, hell_entry, pan_entry
Depths:4: cheibrodos_birdhouse, dk_noncrumbling_3, enter_trove_5, abyss_entry,
          hangedman_geh_valley, uniq_xtahua
Depths:5: grunt_zot_entry_funnels, hell_entry, uniq_frederick
Zot:1:    ebering_ghost_rock_garden
Zot:3:    circus_mu
Zot:4:    cheibrodos_zot_enchanting_chambers, grunt_megastairs_2
Zot:5:    st_stairs_8, basic_stair_grate_trap
Abyss:2:  minivault_22
Abyss:3:  evilmike_abyss_exit_plants, evilmike_abyss_exit_4,
          evilmike_abyss_exit_chaos
Abyss:5:  due_exit_kobolds, bh_abyss_negative, evilmike_abyss_exit_12,
          minivault_28, evilmike_abyss_exit_3, minivault_1,
          guppyfry_abyss_exit_glass_guarded
Trove:    trove_weapon_2
Ossuary:  ossuary_due_mausoleum
Bailey:   bailey_polearm_5, bailey
IceCv:    ice_cave_small_demon
Volcano:  volcano_lake

Skill      XL: |  1  2  3  4  5  6  7  8  9 10 11 12 13 14 15 16 17 18 19 20 21 22 23 |
---------------+----------------------------------------------------------------------+-----
Maces & Flails | 4 5 6 7 8 9 11 12 13 15 | 15.4
Fighting       | 3 4 6 7 8 11 13 14 16 17 21 | 21.2
Dodging        | 3 6 8 11 12 14 15 | 15.7
Invocations    | 3 8 |  8.3
Shields        | 6 11 16 19 22 | 22.3
Polearms       | 2 11 13 15 16 | 16.0
Evocations     | 7 8 |  8.1
Stealth        | 2 8 |  8.6
Spellcasting   | |  2.0
Charms         | |  1.0

Action                   |  1- 3 |  4- 6 |  7- 9 | 10-12 | 13-15 | 16-18 | 19-21 | 22-24 || total
-------------------------+-------+-------+-------+-------+-------+-------+-------+-------++-------
Melee: Mace              |    72 |   183 |   261 |       |       |       |       |       ||   516
       Tailslap          |     8 |    20 |    83 |   227 |   414 |   390 |   764 |   490 ||  2396
       Whip              |       |       |   237 |   861 |       |       |       |       ||  1098
       Demon trident     |       |       |       |   458 |  2307 |  2112 |  3070 |  1684 ||  9631
       Great mace        |       |       |       |    54 |       |       |       |       ||    54
       Punch             |       |       |       |     2 |       |       |       |       ||     2
       Headbutt          |       |       |       |       |       |    69 |       |       ||    69
       Bite              |       |       |       |       |       |    46 |   552 |   417 ||  1015
Throw: Javelin           |     7 |    93 |    71 |       |       |       |       |       ||   171
Invok: Heroism           |       |       |     5 |    15 |    40 |    35 |       |       ||    95
       Finesse           |       |       |       |     3 |    12 |     8 |       |       ||    23
       Slimify           |       |       |       |       |       |     9 |    25 |    10 ||    44
       Request Jelly     |       |       |       |       |       |     7 |     8 |     3 ||    18
       Cure Bad Mutation |       |       |       |       |       |     1 |     3 |     5 ||     9
 Abil: Fly               |       |       |       |       |       |       |     1 |       ||     1
Evoke: Wand              |       |       |     9 |    16 |     8 |     1 |       |     5 ||    39
       Lamp of fire      |       |       |       |       |       |     3 |     4 |     2 ||     9
       Fan of gales      |       |       |       |       |       |     1 |     1 |       ||     2
       Phial of floods   |       |       |       |       |       |       |       |     2 ||     2
  Use: Scroll            |       |       |    14 |    12 |     6 |    22 |    25 |    10 ||    89
       Potion            |       |       |     4 |     8 |     9 |     6 |    20 |    17 ||    64
 Stab: Sleeping          |     1 |       |       |     5 |     5 |    20 |    26 |     3 ||    60
       Invisible         |       |       |     1 |    16 |       |       |       |       ||    17
       Distracted        |       |       |     1 |       |     3 |     2 |    20 |    13 ||    39
       Paralysed         |       |       |       |    19 |     3 |       |     1 |       ||    23
       Confused          |       |       |       |       |       |     3 |    11 |       ||    14
  Eat: Chunk             |     2 |     7 |     6 |    12 |    14 |     8 |       |       ||    49
       Ration            |       |       |     3 |     6 |     6 |     8 |     2 |       ||    25
Armor: Skin              |    30 |    70 |   183 |   216 |   295 |   218 |   304 |   128 ||  1444
Dodge: Dodged            |    69 |   142 |   337 |   787 |  1056 |  1157 |  1616 |   743 ||  5907
Block: Buckler           |       |       |       |   132 |   538 |   645 |   244 |       ||  1559
       Large shield      |       |       |       |       |       |       |  1802 |  1320 ||  3122

Table legend:
 A = Non-vault XP
 B = Vault XP
 C = Vault XP percentage of total XP
 D = Non-vault monster count
 E = Vault monster count
 F = Vault count percentage of total count
 G = Total turns spent on level
                 A         B        C        D         E       F
            +---------+---------+-------+---------+---------+-------
      Total |  720727 |  240478 |  25.0 |    1764 |     139 |   7.3
            +---------+---------+-------+---------+---------+-------
        D:1 |      19 |       0 |   0.0 |      14 |       0 |   0.0
        D:2 |     151 |       0 |   0.0 |      30 |       0 |   0.0
        D:3 |     200 |       0 |   0.0 |      34 |       0 |   0.0
        D:4 |     637 |       0 |   0.0 |      41 |       0 |   0.0
        D:5 |     333 |       0 |   0.0 |      19 |       0 |   0.0
        D:6 |    1382 |       0 |   0.0 |      41 |       0 |   0.0
        D:7 |    2576 |       0 |   0.0 |      36 |       0 |   0.0
        D:8 |    1063 |       0 |   0.0 |      24 |       0 |   0.0
        D:9 |   10438 |       0 |   0.0 |      73 |       0 |   0.0
       D:10 |    1256 |       0 |   0.0 |       9 |       0 |   0.0
       D:11 |    5569 |       0 |   0.0 |      50 |       0 |   0.0
       D:12 |    6691 |       0 |   0.0 |      41 |       0 |   0.0
       D:13 |   15620 |       0 |   0.0 |      45 |       0 |   0.0
       D:14 |   12808 |       0 |   0.0 |      41 |       0 |   0.0
       D:15 |   22167 |       0 |   0.0 |      46 |       0 |   0.0
     Lair:1 |    3284 |       0 |   0.0 |      11 |       0 |   0.0
     Lair:2 |    4324 |       0 |   0.0 |      19 |       0 |   0.0
     Lair:3 |    7401 |       0 |   0.0 |      20 |       0 |   0.0
     Lair:4 |   15389 |       0 |   0.0 |      70 |       0 |   0.0
     Lair:5 |    4052 |       0 |   0.0 |      17 |       0 |   0.0
     Lair:6 |   28343 |       0 |   0.0 |      77 |       0 |   0.0
   Shoals:1 |   13592 |       0 |   0.0 |      27 |       0 |   0.0
   Shoals:2 |    8303 |       0 |   0.0 |      15 |       0 |   0.0
   Shoals:3 |   13541 |       0 |   0.0 |      26 |       0 |   0.0
   Shoals:4 |   19578 |       0 |   0.0 |      36 |       0 |   0.0
    Snake:1 |   21617 |       0 |   0.0 |      36 |       0 |   0.0
    Snake:2 |   21279 |       0 |   0.0 |      32 |       0 |   0.0
    Snake:3 |   40191 |       0 |   0.0 |      71 |       0 |   0.0
    Snake:4 |   36036 |       0 |   0.0 |      67 |       0 |   0.0
    Slime:1 |    7853 |       0 |   0.0 |      25 |       0 |   0.0
    Slime:4 |    2947 |       0 |   0.0 |       2 |       0 |   0.0
      Orc:1 |    9954 |       0 |   0.0 |      31 |       0 |   0.0
      Orc:2 |   13414 |       0 |   0.0 |      58 |       0 |   0.0
      Elf:1 |   23693 |       0 |   0.0 |      40 |       0 |   0.0
      Elf:2 |   20513 |       0 |   0.0 |      30 |       0 |   0.0
      Elf:3 |   51444 |       0 |   0.0 |      57 |       0 |   0.0
   Vaults:1 |   28483 |       0 |   0.0 |      61 |       0 |   0.0
   Vaults:2 |    3029 |       0 |   0.0 |       6 |       0 |   0.0
   Depths:1 |    8292 |       0 |   0.0 |      18 |       0 |   0.0
   Depths:2 |    5289 |       0 |   0.0 |       8 |       0 |   0.0
   Depths:3 |    2704 |   54323 |  95.3 |       3 |      60 |  95.2
   Depths:4 |   43819 |   17484 |  28.5 |      38 |      15 |  28.3
   Depths:5 |   11785 |   17411 |  59.6 |      12 |      14 |  53.8
      Zot:1 |     469 |       0 |   0.0 |       1 |       0 |   0.0
      Zot:2 |   15181 |       0 |   0.0 |       8 |       0 |   0.0
      Zot:3 |    5004 |       0 |   0.0 |       4 |       0 |   0.0
      Zot:4 |    6566 |   20465 |  75.7 |       4 |      11 |  73.3
      Zot:5 |   35489 |  123646 |  77.7 |      24 |      33 |  57.9
    Abyss:1 |   12343 |       0 |   0.0 |      10 |       0 |   0.0
    Abyss:2 |    4802 |       0 |   0.0 |      14 |       0 |   0.0
    Abyss:3 |   59204 |     904 |   1.5 |     127 |       1 |   0.8
    Abyss:4 |   14009 |    6245 |  30.8 |      30 |       5 |  14.3
    Abyss:5 |    4264 |       0 |   0.0 |       6 |       0 |   0.0
    Ossuary |     248 |       0 |   0.0 |      27 |       0 |   0.0
     Bailey |     319 |       0 |   0.0 |      21 |       0 |   0.0
      IceCv |    4363 |       0 |   0.0 |      17 |       0 |   0.0
    Volcano |    7407 |       0 |   0.0 |      14 |       0 |   0.0
            +---------+---------+-------+---------+---------+-------

Vault maps used:
D:1:      lemuel_arrival_funnel, minmay_tromino_v2
D:2:      okawaru_trees_2, chequers_ecumenical_altar_grove
D:3:      cheibrodos_greedy_goblins, uniq_natasha
D:4:      kennysheep_goblin_castle, nicolae_tso_besieged_by_evil,
          nicolae_elemental_shop
D:5:      nicolae_ru_great_annihilating_truth, temple_hall, serial_shops, shop,
          gammafunk_ghost_cemetery, enter_ossuary_2, first_ration
D:6:      minitemple, uniq_sigmund, uniq_blork_the_orc
D:7:      enter_bailey_8, dk_noncrumbling_2, grunt_ogre_cave,
          cheibriados_altar_1, uniq_prince_ribbit1, uniq_harold,
          uniq_crazy_yiuf_cottage
D:8:      lemuel_flamethrower_2, uniq_erica
D:9:      erik_lair_dragon, gammafunk_ghost_nasty_kobolds, uniq_joseph
D:10:     uniq_fannar, uniq_sonja
D:11:     basic_altar, kennysheep_nondescript, lightli_fourway_metalbox
D:12:     uniq_azrael
D:13:     serial_co_window_serial, co_window_paths_a, co_window_paths_a,
          co_window_of_opportunity_a, co_window_cross_1, co_window_paths_a,
          co_window_corner_b, co_window_of_opportunity_b, co_window_2corner,
          co_window_broadway_a, co_window_4corner_b, glass_columns_a,
          uniq_nessos
D:14:     david_vaults_5, serial_shops, nicolae_shop_trees,
          minmay_misc_feat_secret_circle, lemuel_nasty_fountain
D:15:     grunt_enter_depths_magical_seal, hangedman_decor_push, serial_shops,
          nicolae_shop_statue_plus, nrook_mini_backslash, st_stairs_7
Temple:   eino_narrow_crystal_temple
Lair:1:   portal_ice_cave_entry_pillars_1, lemuel_fruit_fields,
          serial_bayou_shore_a, serial_bayou_shore_b
Lair:2:   guppyfry_snake_entry_garden, forest_entry_grove,
          infiniplex_staircase_pool
Lair:3:   nicolae_volcano_entry_s_turn, lemuel_fruit_fields, uniq_nergalle
Lair:4:   minmay_shoals_entry_centaurs, zaba_anthell
Lair:5:   grunt_megastairs_3, uniq_rupert
Lair:6:   grunt_lair_end_beastmaster, nicolae_slime_entry_slimehenge,
          kennysheep_rathole
Shoals:1: uniq_louise, uniq_frances
Shoals:2: ebering_ghost_disaster_area, nicolae_shoals_c_island
Shoals:3: nicolae_shoals_kraken_party, uniq_ilsuiw
Shoals:4: shoals_end_grunt_ice
Snake:1:  uniq_kirke
Snake:2:  minmay_shop_grove, uniq_vashnia
Snake:3:  basic_altar, nicolae_snake_springs, uniq_saint_roka, uniq_nikola
Snake:4:  grunt_snake_rune_serpentine_throne, spider_trap, grunt_ministairs_14,
          lemuel_altar_in_water2
Orc:1:    elves_outpost_lemuel, uniq_gastronok, uniq_erolcha, uniq_snorg,
          uniq_josephine
Orc:2:    grunt_orc_gardens, grunt_orc_garden, grunt_orc_garden,
          grunt_orc_garden, grunt_orc_garden, serial_shops, shop, special_room,
          nicolae_orc_pool_cavern
Elf:1:    eino_elf_arrival_altar, serial_shops, shop_coins, shop_statue, shop,
          shop, nicolae_shop_behind_doors, minmay_elf_necromancy
Elf:2:    spider_trap, st_stairs_5
Elf:3:    minmay_elf_hall_circle
Vaults:1: dpeg_vaults_waves, nicolae_vaults_yaktaur_gun_rack,
          vaults_dpeg_diagonal, grunt_vaults_hallway_short, vaults_room_hallway
Vaults:2: minmay_crypt_entry_simple_round, v_alt_pattern_1, v_misc_23,
          v_rooms_3, vaults_room_semicircle
Depths:1: minmay_spriggan_fort, minmay_misc_feat_columns, hell_entry,
          serial_co_window_serial, co_window_paths_b, co_window_cross_1,
          co_window_paths_a, co_window_paths_b, co_window_paths_a,
          co_window_paths_a, co_window_corner_a, co_window_corner_a,
          co_window_cross_1, co_window_paths_c, co_window_unsneaky_path_b,
          co_window_broadway_b, co_window_of_opportunity_c, co_window_2corner,
          co_window_of_opportunity_c, co_window_of_opportunity_c,
          glass_columns_a, kennysheep_generic_room_8, uniq_sojobo, uniq_asterion
Depths:2: minmay_quarter_circles, grunt_hell_entry_dis_grunt,
          nicolae_abyss_entry_one_way_or_another, serial_shops, kennysheep_mini,
          minivault_14, infiniplex_staircase_pool_lava
Depths:3: hangedman_spin_cycle, abyss_entry, hell_entry, pan_entry
Depths:4: cheibrodos_birdhouse, dk_noncrumbling_3, enter_trove_5, abyss_entry,
          hangedman_geh_valley, uniq_xtahua
Depths:5: grunt_zot_entry_funnels, hell_entry, uniq_frederick
Zot:1:    ebering_ghost_rock_garden
Zot:3:    circus_mu
Zot:4:    cheibrodos_zot_enchanting_chambers, grunt_megastairs_2
Zot:5:    st_stairs_8, basic_stair_grate_trap
Abyss:2:  minivault_22
Abyss:3:  evilmike_abyss_exit_plants, evilmike_abyss_exit_4,
          evilmike_abyss_exit_chaos
Abyss:5:  due_exit_kobolds, bh_abyss_negative, evilmike_abyss_exit_12,
          minivault_28, evilmike_abyss_exit_3, minivault_1,
          guppyfry_abyss_exit_glass_guarded
Trove:    trove_weapon_2
Ossuary:  ossuary_due_mausoleum
Bailey:   bailey_polearm_5, bailey
IceCv:    ice_cave_small_demon
Volcano:  volcano_lake

Table legend:
 A = Turns spent in this place as a percentage of turns spent in the entire game.
 B = Non-inter-level travel turns spent in this place as a percentage of non-inter-level travel turns spent in the entire game.
 C = Inter-level travel turns spent in this place as a percentage of turns spent in this place.
 D = Turns resting spent in this place as a percentage of non-inter-level travel turns spent in this place.
 E = Turns spent auto-exploring this place as a percentage of non-inter-level travel turns spent in this place.
 F = Non-inter-level travel turns spent in this place divided by the number of levels of this place that you've seen.
                   A       B       C       D       E      F
               +-------+-------+-------+-------+-------+----------------------
         Total | 100.0 | 100.0 |  10.6 |  15.5 |  35.4 | 765.1
       Dungeon |  33.1 |  31.3 |  15.5 |  13.8 |  53.7 | 1037.7
        Temple |   0.3 |   0.3 |   7.5 |   0.0 |  98.8 | 172.0
          Lair |  14.6 |  13.8 |  15.7 |  19.2 |  42.7 | 1142.3
        Shoals |   4.2 |   4.6 |   1.4 |   5.6 |  24.1 | 577.5
     Snake Pit |   7.6 |   7.7 |   9.2 |   3.2 |  45.6 | 954.2
    Slime Pits |   1.4 |   1.3 |  15.1 |  23.4 |   0.0 | 131.4
  Orcish Mines |   3.8 |   3.7 |  13.2 |  15.2 |  37.6 | 925.0
   Elven Halls |   7.0 |   7.1 |   8.8 |   9.4 |  42.0 | 1179.0
        Vaults |   2.6 |   2.6 |   9.4 |   0.0 |  55.7 | 651.5
        Depths |   7.6 |   7.7 |   9.5 |  11.7 |  16.9 | 764.4
           Zot |   6.0 |   6.6 |   1.7 |  31.0 |   0.0 | 659.6
         Abyss |   6.4 |   7.2 |   0.0 |   7.4 |   2.4 | 447.0
         Trove |   0.1 |   0.1 |   0.0 |   0.0 |   0.0 |  29.0
       Ossuary |   0.6 |   0.7 |   0.0 |  21.9 |  18.4 | 347.0
        Bailey |   1.1 |   1.2 |   0.0 |  59.2 |   0.0 | 615.0
      Ice Cave |   2.3 |   2.6 |   0.0 |  66.6 |   0.0 | 1307.0
       Volcano |   1.2 |   1.3 |   0.0 |  25.5 |  19.8 | 671.0
               +-------+-------+-------+-------+-------+----------------------

Table legend:
 A = Kills in this place as a percentage of kills in entire the game.
 B = Kills by you in this place as a percentage of kills by you in the entire game.
 C = Kills by friends in this place as a percentage of kills by friends in the entire game.
 D = Other kills in this place as a percentage of other kills in the entire game.
 E = Experience gained in this place as a percentage of experience gained in the entire game.
 F = Experience gained in this place divided by the number of levels of this place that you have seen.
                   A       B       C       D       E      F
               +-------+-------+-------+-------+-------+----------------------
         Total | 100.0 | 100.0 | 100.0 | 100.0 | 100.0 | 14980.5
       Dungeon |  28.7 |  28.9 |   0.0 |  18.2 |   8.9 | 5805.4
          Lair |  11.2 |  11.3 |  14.3 |   0.0 |   6.4 | 10465.5
        Shoals |   5.4 |   5.5 |   0.0 |   0.0 |   5.6 | 13753.5
     Snake Pit |  10.8 |  10.8 |   0.0 |   9.1 |  12.2 | 29780.8
    Slime Pits |   1.4 |   1.4 |   0.0 |   0.0 |   1.1 | 2160.0
  Orcish Mines |   4.6 |   4.7 |   0.0 |   0.0 |   2.4 | 11684.0
   Elven Halls |   6.6 |   6.6 |   0.0 |  13.6 |   9.8 | 31883.3
        Vaults |   3.5 |   3.6 |   0.0 |   0.0 |   3.2 | 15756.0
        Depths |   9.0 |   8.7 |   0.0 |  40.9 |  16.9 | 32935.0
           Zot |   4.5 |   4.4 |   0.0 |  13.6 |  21.5 | 41922.2
         Abyss |  10.1 |  10.2 |   0.0 |   4.5 |  10.5 | 12721.4
       Ossuary |   1.4 |   1.4 |   0.0 |   0.0 |   0.0 | 248.0
        Bailey |   1.1 |   0.8 |  85.7 |   0.0 |   0.0 | 319.0
      Ice Cave |   0.9 |   0.9 |   0.0 |   0.0 |   0.4 | 4363.0
       Volcano |   0.7 |   0.7 |   0.0 |   0.0 |   0.8 | 7407.0
               +-------+-------+-------+-------+-------+----------------------
